 Dungeon Crawl Stone Soup version 0.31-a0-1412-g7b7c7d10e1 (webtiles) character file.

Game seed: 15639149283642366161

2129968 EnegeticOcto the Merry Spriggan (level 26, 152/152 HPs)
             Began as a Spriggan Chaos Knight on Dec 25, 2023.
             Was a Favourite Plaything of Xom.
             Escaped with the Orb
             ... and 3 runes
             ... and 3 gems on Dec 26, 2023!
             The game lasted 02:41:06 (59055 turns).

EnegeticOcto the Merry Spriggan (SpCK)             Turns: 59055, Time: 02:41:06

Health: 152/152    AC: 22    Str: 17    XL:     26   Next: 94%
Magic:  45/45      EV: 47    Int: 19    God:    Xom [...*..]
Gold:   5129       SH: 11    Dex: 24    Spells: 24/50 levels left

rFire   + + .        K - +9 hand cannon of Plog {chaos, rElec rPois Str+2 Int+2}
rCold   + . .        T - +3 buckler {rF+}
rNeg    + . .        B - +5 moon troll leather armour {Spirit, Regen++ MP+5}
rPois   +            W - +2 hat {Stlth+}
rElec   +            h - scarf {repulsion}
rCorr   .            (gloves unavailable)
SInv    +            (boots unavailable)
Will    ++++.        t - amulet "Japhivay" {RegenMP rF+ rN+}
Stlth   +++          Z - +4 ring of protection
HPRegen 2.05/turn    A - ring of protection from cold
MPRegen 0.69/turn

%: repel missiles, clarity, guardian spirit
@: studying 2 skills, very quick
A: very small, no large weapons, unfitting armour, see invisible, speed 3, horns
1, talons 3, iridescent scales 3, thin skeletal structure 1, camouflage 1,
clarity, clever 1, mutation resistance 1, sense surroundings 1, poison
resistance, shaggy fur 1, strong 2, wild magic 3, MP-powered wands, sturdy frame
1
0: Orb of Zot
}: 3/15 runes: barnacled, silver, gossamer
a: Renounce Religion


You escaped.
You worshipped Xom.
You were a favourite toy of Xom.
You visited 9 branches of the dungeon, and saw 47 of its levels.
You also visited: Trove, Sewer, Gauntlet and Wizlab.

You collected 8337 gold pieces.
You spent 3208 gold pieces at shops.

Inventory:

Hand Weapons
 f - a +9 quick blade of chaos
   (Xom gifted it to you on level 3 of the Lair of Beasts)
 K - the +9 hand cannon of Plog (weapon) {chaos, rElec rPois Str+2 Int+2}
   (Xom gifted it to you in a wizard's laboratory)

   Str+2:     It affects your strength (+2).
   Int+2:     It affects your intelligence (+2).
   rElec:     It insulates you from electricity.
   rPois:     It protects you from poison
Missiles
 H - 27 curare-tipped darts
 S - 4 throwing nets {!f}
Armour
 h - a scarf of repulsion (worn)
   (You found it on level 4 of the Spider Nest)
 r - a +3 buckler of protection
   (You took it off the Enchantress on level 3 of the Depths)
 B - the +5 moon troll leather armour (worn) {Spirit, Regen++ MP+5}
   (You took it off a moon troll in a wizard's laboratory)

   MP+5:      It affects your magic capacity (+5).
   Regen++:   It increases your rate of health regeneration.
 T - a +3 buckler of fire resistance (worn)
   (You took it off a tengu reaver on level 4 of the Depths)
 W - a +2 hat of stealth (worn)
   (You found it on level 4 of the Spider Nest)
Magical Staves
 J - the staff of Lust {rElec rPois rF+ Hexes Air}
   (You found it on level 4 of the Depths)

   [staff of air]

   Base accuracy: +5 Base damage: 5 Base attack delay: 1.2 This weapon's minimum
   attack delay (0.6) is reached at skill level 12.
   rF+:       It protects you from fire.
   rElec:     It insulates you from electricity.
   rPois:     It protects you from poison Hexes: It increases the power of your
   Hexes spells.
   Air:       It increases the power of your Air spells.
   It falls into the 'Staves' category.
   It is a two-handed weapon.
Jewellery
 n - the ring "Uvvop" {rPois rC+ rN+ rCorr Int+3 Slay-6}
   (You took it off a vampire mage on level 1 of the Depths)

   [ring of poison resistance]

   Int+3:     It affects your intelligence (+3).
   Slay-6:    It affects your accuracy & damage with ranged weapons and melee
   (-6).
   rC+:       It protects you from cold.
   rPois:     It protects you from poison rN+: It protects you from negative
   energy.
   rCorr:     It protects you from acid and corrosion.
 t - the amulet "Japhivay" (around neck) {RegenMP rF+ rN+}
   (You bought it in a shop on level 2 of the Orcish Mines)

   [amulet of magic regeneration]

   RegenMP:   It increases your rate of magic regeneration.
   rF+:       It protects you from fire.
   rN+:       It protects you from negative energy.
 A - a ring of protection from cold (right hand)
   (You found it on level 8 of the Dungeon)
 O - the ring "Qioh" {+Blink rF- rC+ MP+9}
   (You found it in a Gauntlet)

   [ring of magical power]

   rF-:       It makes you vulnerable to fire.
   rC+:       It protects you from cold.
   MP+9:      It affects your magic capacity (+9).
   +Blink:    It lets you blink.
 Q - a ring of protection from fire
   (You found it on level 3 of the Lair of Beasts)
 Z - a +4 ring of protection (left hand)
   (You bought it in a shop on level 2 of the Orcish Mines)
Wands
 i - a wand of polymorph (9)
   (You found it on level 14 of the Dungeon)
 l - a wand of mindburst (11)
   (You found it on level 5 of the Lair of Beasts)
 u - a wand of digging (20) {@v3}
   (You found it on level 1 of the Lair of Beasts)
 F - a wand of quicksilver (21) {@v1}
   (You found it on level 4 of the Dungeon)
 N - a wand of paralysis (27)
   (You took it off Maurice on level 7 of the Dungeon)
 R - a wand of roots (40) {@v2}
   (You found it on level 9 of the Dungeon)
Scrolls
 a - 2 scrolls of fear {!r}
 b - 5 scrolls of blinking {@r4}
 c - 3 scrolls of butterflies
 d - 10 scrolls of immolation
 e - 8 scrolls of revelation {@r5 !r}
 g - 17 scrolls of teleportation {@r3 !r}
 j - 7 scrolls of poison
 q - 11 scrolls of fog {!r}
 w - 3 scrolls of vulnerability
 y - 4 scrolls of torment
 C - a scroll of enchant armour
Potions
 k - 7 potions of cancellation
 o - 11 potions of attraction
 p - 6 potions of haste {@q4 !q}
 v - 33 potions of curing {@q1 !q}
 x - 12 potions of might {@q3 !q}
 z - 3 potions of invisibility
 D - 17 potions of mutation
 E - 8 potions of enlightenment
 G - 15 potions of magic
 I - 16 potions of heal wounds {@q2 !q}
 M - 3 potions of berserk rage
 U - 7 potions of ambrosia
 X - 12 potions of lignification {@q6}
 Y - 8 potions of resistance
Miscellaneous
 m - a tin of tremorstones (1/2)
   (You found it on level 2 of the Vaults)
 s - a sack of spiders
   (You found it on level 5 of the Lair of Beasts)
 L - a phantom mirror
   (You found it in a wizard's laboratory)
 P - a phial of floods
   (You found it on level 7 of the Dungeon)
 V - a lightning rod (4/4)
   (You found it in a Gauntlet)


   Skills:
 - Level 20.0 Fighting
 - Level 6.0 Short Blades
 O Level 27 Ranged Weapons
 - Level 10.0 Armour
 O Level 27 Dodging
 - Level 9.0 Stealth
 - Level 9.0 Shields
 + Level 12.9 Spellcasting
 - Level 15.0 Hexes
 - Level 8.0 Translocations
 - Level 5.0 Air Magic
 + Level 4.7 Earth Magic
 - Level 5.0 Alchemy
 - Level 18.0 Evocations
 - Level 7.0 Shapeshifting


You had 24 spell levels left.
You knew the following spells:

 Your Spells              Type           Power      Damage    Failure   Level
a - Apportation           Tloc           100%       N/A       3%          1
b - Yara's Violent Unrav  Hex/Alch       38%        3d15      13%         5
c - Passage of Golubria   Tloc           69%        N/A       12%         4
d - Tukima's Dance        Hex            93%        N/A       1%          3
p - Passwall              Alch/Erth      45%        N/A       8%          2
H - Cause Fear            Hex            46%        N/A       2%          4
N - Silence               Hex/Air        38%        N/A       13%         5
Y - Blink                 Tloc           100%       N/A       4%          2

Your spell library contained the following spells:

 Spells                   Type           Power      Damage    Failure   Level
 Jinxbite                 Hex            100%       N/A       1%          2
 Confusing Touch          Hex            93%        N/A       1%          3
 Sigil of Binding         Hex            93%        N/A       1%          3
 Lesser Beckoning         Tloc           100%       N/A       4%          2
 Dimensional Bullseye     Hex/Tloc       41%        N/A       5%          4
 Dazzling Flash           Conj/Hex       100%       N/A       6%          3
 Gell's Gravitas          Tloc           69%        N/A       6%          3
 Inner Flame              Hex/Fire       67%        N/A       6%          3
 Teleport Other           Tloc           69%        N/A       6%          3
 Mercury Vapours          Alch/Air       100%       N/A       8%          2
 Shock                    Conj/Air       100%       1d9       12%         1
 Sting                    Conj/Alch      100%       1d9       12%         1
 Cigotuvi's Dreadful Rot  Necr/Alch/Air  94%        N/A       12%         2
 Swiftness                Air            56%        N/A       12%         3
 Anguish                  Hex/Necr       33%        N/A       13%         4
 Vhi's Electric Charge    Tloc/Air       100%       N/A       17%         4
 Mephitic Cloud           Conj/Alch/Air  47%        N/A       19%         3
 Foxfire                  Conj/Fire      92%        2x1d8     22%         1
 Freeze                   Ice            92%        1d9       22%         1
 Kiss of Death            Conj/Necr      92%        2d12      22%         1
 Magic Dart               Conj           92%        1d7       22%         1
 Necrotise                Necr           92%        1d8       22%         1
 Airstrike                Air            28%        2d(4-20)  26%         4
 Leda's Liquefaction      Alch/Erth      27%        N/A       26%         4
 Olgreb's Toxic Radiance  Alch           56%        N/A       26%         4
 Petrify                  Alch/Erth      55%        N/A       26%         4
 Summon Mana Viper        Hex/Summ       67%        N/A       26%         5
 Call Imp                 Summ           46%        N/A       30%         2
 Scorch                   Fire           46%        2d6       30%         2
 Sublimation of Blood     Necr           23%        N/A       30%         2
 Enfeeble                 Hex            46%        N/A       32%         7
 Iskenderun's Mystic Bla  Conj/Tloc      51%        2d11      34%         4
 Call Canine Familiar     Summ           23%        N/A       45%         3
 Vampiric Draining        Necr           23%        2d7       45%         3
 Ignite Poison            Fire/Alch      41%        N/A       50%         4
 Sticky Flame             Fire/Alch      41%        2d8       50%         4
 Alistair's Intoxication  Alch           37%        N/A       50%         5
 Brom's Barrelling Bould  Conj/Erth      40%        2d6       52%         4
 Lee's Rapid Deconstruct  Erth           27%        3d15*     52%         5
 Summon Forest            Summ/Tloc      25%        N/A       63%         5
 Dispersal                Tloc           34%        N/A       63%         6
 Animate Dead             Necr           23%        N/A       80%         4
 Dispel Undead            Necr           23%        3d12      80%         4
 Flame Wave               Conj/Fire      23%        2d8       80%         4
 Arcjolt                  Conj/Air       20%        1d30      80%         5
 Irradiate                Conj/Alch      20%        3d18      80%         5
 Freezing Cloud           Conj/Ice/Air   17%        6-21      87%         5
 Discord                  Hex            46%        N/A       87%         8
 Agony                    Necr           23%        N/A       97%         5
 Fireball                 Conj/Fire      11%        3d7       97%         5
 Iskenderun's Battlesphe  Conj           23%        2d8       97%         5
 Bombard                  Conj/Erth      20%        9d4       99%         6
 Conjure Ball Lightning   Conj/Air       20%        3x3d6     99%         6
 Plasma Beam              Fire/Air       20%        2x1d32    99%         6
 Death Channel            Necr           11%        N/A       100%        6
 Starburst                Conj/Fire      11%        6d5       100%        6
 Summon Cactus Giant      Summ           11%        N/A       100%        6
 Haunt                    Necr/Summ      11%        N/A       100%        7
 Orb of Destruction       Conj           11%        9d6       100%        7
 Ozocubu's Refrigeration  Ice            11%        4d10      100%        7
 Spellforged Servitor     Conj/Summ      11%        N/A       100%        7
 Summon Hydra             Summ           11%        N/A       100%        7
 Borgnjor's Revivificati  Necr           11%        N/A       100%        8
 Infestation              Necr           11%        N/A       100%        8
 Lehudib's Crystal Spear  Conj/Erth      20%        10d6      100%        8
 Maxwell's Capacitive Co  Air            28%        ∞         100%        8
 Chain Lightning          Conj/Air       20%        3d27      100%        9
 Death's Door             Necr           11%        N/A       100%        9
 Fire Storm               Conj/Fire      11%        8d3       100%        9
 Shatter                  Erth           27%        3d23*     100%        9


Dungeon Overview and Level Annotations

Branches:
Dungeon (15/15)            Temple (0/1) D:6            Lair (5/5) D:11
 Shoals (4/4) Lair:3       Spider (4/4) Lair:2        Slime (0/5) Lair:4
    Orc (2/2) D:11            Elf (3/3) Orc:2        Vaults (5/5) D:14
  Crypt (0/3) Vaults:3     Depths (4/4) D:15            Zot (5/5) Depths:4
  Sewer (visited)          WizLab (visited)         Gauntlet (visited)

Altars:
Ashenzari
Cheibriados
Dithmenos
Elyvilon
Fedhas
Hepliaklqana
Makhleb
Nemelex Xobeh
Okawaru
Qazlal
Ru
Sif Muna
Trog
Uskayaw
Vehumet
Wu Jian
Xom
Zin
The Shining One
Jiyva
Lugonu

Shops:
Orc:1 *   Orc:2 =*[(:   Elf:2 *   Shoals:4 [   Vaults:1 =

Portals:
Hell: Depths:1 Depths:2 Depths:3 Depths:4
Abyss: Lair:5 Depths:3
Pandemonium: Depths:2 Depths:4
Ziggurat: Depths:1

Annotations:
D:10 Nergalle
Spider:1 2 transporters
Elf:1 exclusion: ice statue
Vaults:1 3 runed translucent doors, exclusions: 3 doors and 1 more exclusion, Angmar's ghost, veteran DrAE
Vaults:2 Boris


Innate Abilities, Weirdness & Mutations

You are very small and have problems with some larger weapons.
You are too small for most types of armour.
You have supernaturally acute eyesight. (SInv)
You cover ground extremely quickly. (Speed+++)
You have a pair of small horns on your head.
You have claws for feet.
You are completely covered in iridescent scales. (AC +6)
You have a somewhat thin skeletal structure. (Dex +2, Stealth+)
Your skin changes colour to match your surroundings (Stealth+).
You possess an exceptional clarity of mind.
Your mind is acute. (Int +4, Str/Dex -1)
You are somewhat resistant to further mutation.
You passively map a small area around you.
Your system is resistant to poisons. (rPois)
You are covered in fur. (AC +1)
Your muscles are very strong. (Str +8, Int/Dex -2)
Your spells are much harder to cast, but much more powerful.
You expend magic power (3 MP) to strengthen your wands.
Your movements are slightly less encumbered by armour. (ER -2)


Message History

Press: ? - help, Shift-Dir - straight line You can't see that place.
You feel a surge of power!
The rock shatters into small pieces.
(D) Dungeon (T) Temple (L) Lair (A) Shoals (N) Spider Nest (M) Slime Pits (O) Orcish Mines (E) Elven Halls (V) Vaults (C) Crypt (U) Depths (H) Hell (Z) Zot
Where to? (Tab/Enter - D:1 @ (x,y), ? - help)
The Tzitzimitl calls on the powers of darkness!
Your body is wracked with pain!
A shower of butterflies erupts from you!
There is a stone staircase leading up here.
You climb upwards.
Your summoned allies are left behind.
There is a stone staircase leading down here.
(D) Dungeon (T) Temple (L) Lair (A) Shoals (N) Spider Nest (M) Slime Pits (O) Orcish Mines (E) Elven Halls (V) Vaults (C) Crypt (U) Depths (H) Hell (Z) Zot
Where to? (Tab/Enter - D:1 @ (x,y), ? - help)
There is a stone staircase leading up here.
You climb upwards.
There is a stone staircase leading down here.
There is a stone staircase leading up here.
You climb upwards.
There is a stone staircase leading down here.
A daeva comes into view.
It is wielding a +2 scimitar of holy wrath.
The daeva calls down the wrath of the Shining One upon you.
The Shining One smites you!
Really quaff
p - 7 potions of haste {@q4 !q}?
You feel as though your hastened speed will last longer.
There is a stone staircase leading up here.
You climb upwards.
There is a stone staircase leading down here.
(D) Dungeon (T) Temple (L) Lair (A) Shoals (N) Spider Nest (M) Slime Pits (O) Orcish Mines (E) Elven Halls (V) Vaults (C) Crypt (U) Depths (H) Hell (Z) Zot
Where to? (Tab/Enter - D:1 @ (x,y), ? - help) Magic restored.
HP restored.
There is a stone staircase leading up here.
You climb upwards.
There is a stone staircase leading down here.
There is a stone staircase leading up here.
You climb upwards.
There is a stone staircase leading down here.
There is a stone staircase leading up, spattered with blood here.
You climb upwards.
There is a stone staircase leading down here.
An Orb Guardian comes into view.
You shoot a bolt. The bolt hits the Orb Guardian!!
The bolt burns the Orb Guardian!
The Orb Guardian is heavily wounded.
You shoot a bolt.
The bolt hits the Orb Guardian but does no damage.
The Orb Guardian is heavily wounded.
You shoot a bolt. The bolt hits the Orb Guardian!!
You drain the Orb Guardian!
The Orb Guardian is almost dead.
You shoot a bolt. The bolt hits the Orb Guardian!
The Orb Guardian becomes as fragile as glass!
The Orb Guardian is almost dead.
You shoot a bolt. The bolt hits the Orb Guardian!!!
The bolt freezes the Orb Guardian.
You kill the Orb Guardian!
Your extra speed is starting to run out.
(D) Dungeon (T) Temple (L) Lair (A) Shoals (N) Spider Nest (M) Slime Pits (O) Orcish Mines (E) Elven Halls (V) Vaults (C) Crypt (U) Depths (H) Hell (Z) Zot
Where to? (Tab/Enter - D:1 @ (x,y), ? - help)
A lich comes into view.
You shoot a bolt. The bolt completely misses the lich.
You shoot a bolt. The bolt barely misses the lich.
You shoot a bolt.
The bolt hits the lich but does no damage.
You shoot a bolt. The bolt hits the lich!
The lich is lightly damaged.
Gucroune comes into view.
You feel yourself slow down.
You open the door.
There is an open door here.
There is an escape hatch in the ceiling here.
Really go through this one-way escape hatch?
A mysterious force pulls you upwards. The hatch slams shut behind you.
Aiming: Dig
Press: ? - help, Shift-Dir - straight line A rock wall.
This square is covered in magical glow.
You feel a surge of power!
The rock shatters into small pieces.
Aiming: Dig
Press: ? - help, Shift-Dir - straight line A rock wall.
This square is covered in magical glow.
You feel a surge of power!
The rock shatters into small pieces.
There is a staircase leading out of the dungeon here.
You are a level 26 Spriggan Chaos Knight.
You are 94% of the way to level 27.
Play time: 02:41:05 (59054 turns).
You are forever immune to Zot's power.
Unknown command.
You have escaped!

.# #######.# ##+####### ##
##########.######.##.....
#..............##.##.....
#..............##.##.....
#..####'#####..##.##.....
#..+........#..##.##..... ###
#..#........#.....######' ..#
#..#........#..##.##)....
..#######..#..3.@...#..##.##.†..#
.......##..#........#..##......##
..####.....#........#..##....>.#
..# ####..#........'..##.##...#
### #..#####'#.##..##.##...#
#..............##.##...#
#..............##.##...#
#####.#######.###.######
##########.## ##.##.#


You could see a soul eater.

Vanquished Creatures
  2 ancient liches
  A juggernaut (Depths:4)
  Bai Suzhen (Vaults:3)
  4 caustic shrikes (Depths:4)
  the Enchantress (Depths:3)
  8 golden dragons
  Norris (Vaults:2)
  The ghost of InterstingKuromi the Unforgettable, a veteran GnFi of Hepliaklqana (Elf:3)
  Jorgrun (D:14)
  9 tentacled monstrosities
  6 Orb Guardians
  Asterion (Vaults:1)
  A walking crystal tome (Depths:3)
  A moon troll (WizLab)
  A walking earthen tome (Depths:4)
  4 liches
  2 deep elf master archers (Elf:3)
  2 deep elf blademasters (Elf:3)
  A kraken (Shoals:3)
  5 titans
  The ghost of Zousilah the Acrobat, an adept SpHu of Fedhas (Depths:4)
  4 quicksilver dragons
  3 sphinxes
  3 death cobs (Zot:3)
  13 shadow dragons
  9 tentacled starspawn (WizLab)
  An ancient champion (Vaults:3)
  Agnes (D:14)
  7 tengu reavers
  Aizul (Spider:2)
  2 storm dragons
  5 draconian monks
  2 revenants (Depths:1)
  14 fire giants
  4 draconian knights (Zot:3)
  3 protean progenitors
  7 deep elf sorcerers
  A draconian scorcher (Zot:3)
  7 ghost moths
  2 iron dragons
  5 frost giants
  An imperial myrmidon (Elf:1)
  11 vault wardens
  The ghost of peterlawrence the Warrior, a journeyman MiFi of Okawaru (Lair:5)
  4 deep elf elementalists
  3 draconian shifters
  A draconian stormcaller (Zot:3)
  5 emperor scorpions
  An orc warlord (Orc:2)
  4 broodmothers
  A balrug (Depths:4)
  3 draconian annihilators
  A cacodemon (WizLab)
  A quicksilver ooze (shapeshifter) (Shoals:3)
  4 spriggan defenders
  5 ironbound thunderhulks
  3 formless jellyfish
  51 very ugly things
  15 ironbound preservers
  22 stone giants
  10 vampire knights
  The ghost of Ycul the Severer, a journeyman HOFi of Nemelex Xobeh (Lair:3)
  2 elemental wellsprings (Shoals:2)
  8 black draconians
  8 deep elf annihilators
  8 deep elf demonologists
  3 red draconians
  4 green draconians
  A bunyip (Vaults:5)
  3 yellow draconians
  9 deep elf death magi
  4 purple draconians
  27 dire elephants
  16 spark wasps
  5 white draconians
  6 war gargoyles
  2 crystal guardians (WizLab)
  A minotaur (Lair:3)
  9 ettins
  4 merfolk javelineers
  11 fire dragons
  A blizzard demon (Elf:3)
  10 yaktaur captains
  4 merfolk impalers
  Josephine (D:14)
  The ghost of Rankomyk the Carver, a journeyman VSEn of Uskayaw (Lair:4)
  3 jiangshi (Depths:1)
  10 deep elf high priests
  7 entropy weavers
  34 vault guards
  An entropy weaver (shapeshifter) (Elf:3)
  3 rakshasas (Depths:1)
  9 ice dragons
  7 hydras
  2 peacekeepers
  5 jorogumos
  6 great orbs of eyes
  A hydra (shapeshifter) (D:14)
  A servant of whispers (Elf:1)
  6 ironbound frosthearts
  3 merfolk avatars
  4 spriggan air magi
  A catoblepas (D:15)
  A caustic shrike simulacrum (Depths:2)
  3 ogre magi
  4 radroaches
  A hell beast (Gauntlet)
  3 alligator snapping turtles
  7 centaur warriors
  32 dancing weapons
  A death knight (D:13)
  6 death yaks (Lair:2)
  2 merfolk aquamancers (Shoals:4)
  4 satyrs
  2 tengu warriors
  15 boulder beetles
  7 two-headed ogres
  3 deep troll earth magi
  A titan zombie (Depths:1)
  7 demonic crawlers
  7 orc high priests
  5 spriggan berserkers
  6 deep troll shamans
  4 vampire magi (Depths:1)
  A shock serpent (shapeshifter) (Vaults:5)
  An occultist (Depths:3)
  2 thrashing horrors (Lair:5)
  20 deep elf knights
  A soul eater (Depths:4)
  A sun demon (Depths:4)
  5 skysharks
  A fire crab (shapeshifter) (Vaults:5)
  11 hell knights
  A goliath frog (Shoals:1)
  A sixfirhy (Depths:2)
  5 iron trolls
  A death drake (Lair:5)
  5 pharaoh ants
  7 skeletal warriors
  51 deep trolls
  2 storm dragon skeletons
  A sea snake (shapeshifter) (Shoals:4)
  10 sea snakes
  9 large abominations
  An orange crystal statue (WizLab)
  3 flayed ghosts (Depths:1)
  10 glowing orange brains
  12 lindwurms
  2 sun moths (Spider:4)
  4 phantasmal warriors
  7 orb spiders
  2 orb spiders (shapeshifter)
  A tengu zombie (Vaults:2)
  29 harpies
  8 necromancers
  40 deep elf zephyrmancers
  10 orc knights
  A lindwurm (shapeshifter) (Vaults:3)
  A steelbarb worm (shapeshifter) (Vaults:5)
  A harpy (shapeshifter) (Elf:3)
  22 deep elf pyromancers
  6 steelbarb worms
  22 deep elf archers
  5 arcanists
  26 ironbound convokers
  An iron dragon zombie (Depths:2)
  3 orc sorcerers
  A frost giant zombie (Vaults:2)
  A fire giant zombie (Depths:1)
  An oklob plant (Gauntlet)
  2 stone giant zombies
  54 ugly things
  22 wolf spiders
  13 manticores
  20 moths of wrath
  3 guardian serpents
  2 iron dragon skeletons
  A salamander (D:15)
  12 fauns
  4 meliai
  7 cyclopes
  15 vault sentinels
  Maurice (D:7)
  A faun (shapeshifter) (Vaults:5)
  2 stone giant skeletons
  6 elephants
  2 black mambas
  A fire giant skeleton (Depths:1)
  9 merfolk sirens
  11 human skeletons
  2 frost giant skeletons (Depths:1)
  A meliai (shapeshifter) (D:13)
  A water nymph (shapeshifter) (Depths:4)
  5 water nymphs
  A titan simulacrum (Vaults:4)
  An eye of devastation (shapeshifter) (Elf:3)
  4 gargoyles
  A torpor snail (Spider:2)
  5 kobold blastminers
  11 cane toads
  An eye of devastation (WizLab)
  A cane toad (shapeshifter) (Lair:5)
  Maggie (Lair:1)
  3 unseen horrors
  A rime drake (shapeshifter) (Lair:5)
  9 komodo dragons
  3 rime drakes
  An efreet (D:15)
  A tormentor (Depths:4)
  2 spriggan skeletons (Depths:1)
  21 yaktaurs
  A yaktaur (shapeshifter) (Elf:3)
  6 trolls
  A tengu conjurer (D:13)
  A queen bee (Shoals:3)
  4 wind drakes
  A merfolk (shapeshifter) (Vaults:5)
  15 merfolk
  3 hornets
  A polar bear (shapeshifter) (Elf:3)
  17 blink frogs
  35 tarantellas
  2 polar bears
  4 glass eyes
  2 raiju
  A glass eye (shapeshifter) (Elf:3)
  A raiju (shapeshifter) (D:15)
  2 hornets (shapeshifter)
  33 slime creatures
  2 tyrant leeches (Zot:4)
  A frost giant simulacrum (Vaults:4)
  11 dream sheep
  2 saltlings (Elf:1)
  A human simulacrum (Vaults:4)
  9 snapping turtles
  17 jumping spiders
  A spriggan zombie (Depths:1)
  A snapping turtle (shapeshifter) (Elf:3)
  2 shadows
  A vampire (D:12)
  8 wraiths
  22 culicivoras
  4 ettin skeletons
  3 elf skeletons (Vaults:3)
  2 ynoxinuls (Lair:5)
  23 water elementals
  2 air elementals
  8 spriggans
  9 wyverns
  A deep troll skeleton (Vaults:2)
  17 small abominations
  A human (D:14)
  3 fire elementals
  6 basilisks
  4 hogs
  28 yaks
  6 golden eyes (WizLab)
  34 redbacks
  2 neqoxecs (WizLab)
  5 steam dragons
  10 vampire mosquitoes
  A warg (Orc:1)
  A chaos spawn (Lair:5)
  A glowing shapeshifter zombie (Depths:2)
  3 human zombies
  4 acid dragons
  Menkaure (D:6)
  10 water moccasins
  A tengu skeleton (Depths:1)
  3 ice beasts
  2 glowing shapeshifter skeletons (Depths:1)
  2 black bears (Lair:2)
  2 swamp drakes
  36 orc warriors
  6 ogres
  A sky beast (D:7)
  A boggart (Vaults:1)
  2 laughing skulls (Depths:1)
  12 centaurs
  12 wolves
  11 kobold brigands
  11 bullfrogs
  A gnoll sergeant (D:7)
  6 scorpions
  2 earth elementals
  An ogre simulacrum (Vaults:3)
  11 wights
  3 killer bees (D:9)
  A howler monkey (D:5)
  4 electric eels
  3 bombardier beetles
  2 lava snakes (Elf:2)
  4 jellies
  22 orc priests
  Crazy Yiuf (D:6)
  10 hounds
  A hound (shapeshifter) (Elf:3)
  17 starcursed masses (WizLab)
  2 iguanas (D:6)
  2 sleepcaps
  27 orc wizards
  17 hell rats
  Robin (D:3)
  12 gnolls
  3 river rats (Sewer)
  12 adders
  2 shadow imps
  3 white imps
  2 ufetubi (D:7)
  4 worms
  4 dart slugs
  76 orcs
  A bat (D:3)
  17 endoplasms
  5 giant cockroaches
  16 goblins
  7 hobgoblins
  3 jackals (D:2)
  A quokka (D:2)
  11 ball pythons
  3 frilled lizards
  21 kobolds
  12 rats
  14 starspawn tentacles (WizLab)
2154 creatures vanquished.

Vanquished Creatures (collateral kills)
  A juggernaut (Depths:4)
  A sphinx (Depths:3)
  A tengu reaver (Depths:4)
  An ironbound preserver (Vaults:2)
  A spriggan defender (Depths:4)
  A deep elf demonologist (Elf:3)
  2 deep elf death magi
  A minotaur (Gauntlet)
  2 dire elephants (Vaults:4)
  A spark wasp (Depths:4)
  2 entropy weavers (Spider:1)
  A vault guard (Vaults:5)
  A deep troll shaman (Depths:3)
  2 orc high priests (Orc:2)
  2 deep elf knights (Elf:1)
  2 deep trolls (Vaults:2)
  A pharaoh ant (Spider:1)
  An ironbound convoker (Vaults:4)
  An orc knight (Orc:2)
  2 deep elf pyromancers (Elf:1)
  A harpy (Shoals:4)
  A deep elf zephyrmancer (Elf:1)
  An orc sorcerer (Orc:2)
  A wolf spider (Spider:1)
  A manticore (D:7)
  An ugly thing (D:6)
  2 cane toads
  A minotaur zombie (Gauntlet)
  2 tarantellas (Spider:1)
  A slime creature (Vaults:2)
  3 culicivoras
  A jumping spider (Spider:1)
  A yak (Lair:5)
  2 hogs (Spider:2)
  3 redbacks (Spider:1)
  A water moccasin (D:6)
  4 orc warriors (Orc:2)
  A hound (D:6)
  4 orc priests (Orc:2)
  2 orc wizards (Orc:2)
  An adder (D:2)
  A dart slug (D:2)
  5 orcs (Orc:2)
  2 goblins (D:2)
70 creatures vanquished.

Vanquished Creatures (others)
  A golden dragon (Depths:4)
  2 death cobs (Zot:3)
  An eldritch tentacle (Depths:4)
  2 storm dragons
  A draconian knight (Zot:3)
  A deep elf sorcerer (Elf:3)
  A vault warden (Vaults:4)
  A cacodemon (Elf:3)
  A very ugly thing (Depths:2)
  A yellow draconian (Zot:3)
  3 vault guards
  3 merfolk aquamancers (Shoals:4)
  A centaur warrior (D:13)
  A spriggan air mage (Depths:1)
  5 dancing weapons
  A vampire mage (Depths:2)
  A spriggan berserker (Depths:2)
  A tengu warrior (Depths:2)
  3 deep elf knights
  A skeletal warrior (D:13)
  An ugly thing zombie (Depths:2)
  An elf zombie (Elf:3)
  3 ugly things
  A draconian zombie (Zot:3)
  A human zombie (Vaults:5)
  A vampire (D:7)
  A human (Spider:2)
  An earth elemental (Elf:3)
  A wight (D:6)
  3 orc priests (Elf:2)
  An orc (D:15)
  A butterfly (Depths:1)
  23 starspawn tentacles (WizLab)
  14 tentacles (Shoals:3)
85 creatures vanquished.

Grand Total: 2309 creatures vanquished

Notes
Turn   | Place    | Note
-------+----------+-------------------------------------------
     0 | D:1      | EnegeticOcto the Spriggan Chaos Knight began the quest for
                  | the Orb.
     0 | D:1      | Reached XP level 1. HP: 11/11 MP: 2/2
    63 | D:1      | Reached skill level 1 in Stealth
   124 | D:1      | Reached skill level 2 in Stealth
   185 | D:1      | Reached XP level 2. HP: 16/16 MP: 3/3
   197 | D:1      | Reached skill level 3 in Stealth
   211 | D:1      | XOM: silly message
   364 | D:1      | Noticed a shining eye
   368 | D:1      | Noticed a glass eye
   370 | D:1      | Found a faded altar of an unknown god.
   371 | D:1      | Noticed a glass eye
   371 | D:1      | Noticed an eye of devastation
   379 | D:1      | XOM: divination: magic mapping
   423 | D:1      | Reached skill level 4 in Stealth
   568 | D:1      | XOM: silly message
   708 | D:2      | XOM: noise
   743 | D:2      | Reached XP level 3. HP: 19/19 MP: 4/4
  1001 | D:2      | XOM: cast spell 'Animate Armour'
  1009 | D:2      | Reached skill level 4 in Short Blades
  1012 | D:2      | XOM: scenery: create altars
  1383 | D:2      | XOM: silly message
  1791 | D:3      | Found a stormy altar of Qazlal.
  1832 | D:3      | a worm changed into a swamp drake
  1832 | D:3      | Noticed a swamp drake
  2124 | D:3      | Reached XP level 4. HP: 23/23 MP: 5/5
  2249 | D:3      | Noticed Robin
  2273 | D:3      | Killed Robin
  2316 | D:3      | XOM: silly message
  2341 | D:3      | XOM: divination: magic mapping
  2366 | D:3      | Reached skill level 5 in Short Blades
  2632 | D:3      | XOM: divination: detect items
  2650 | D:3      | XOM: potion effect (haste)
  2653 | D:3      | XOM: potion effect (might)
  2667 | D:3      | XOM: butterfly on damage
  2668 | D:3      | XOM: silly message
  2670 | D:3      | XOM: potion effect (invisibility)
  2678 | D:3      | XOM: potion effect (might)
  2679 | D:3      | XOM: potion effect (heal wounds)
  2685 | D:3      | Killed a swamp drake
  2686 | D:3      | Reached skill level 6 in Short Blades
  2686 | D:3      | Reached XP level 5. HP: 28/28 MP: 6/6
  2809 | D:3      | Reached skill level 3 in Fighting
  3242 | D:4      | Reached skill level 1 in Shapeshifting
  3242 | D:4      | Reached XP level 6. HP: 32/32 MP: 7/7
  3538 | D:4      | Found an ornate altar of the Wu Jian Council.
  3538 | D:4      | Found a sacrificial altar of Ru.
  3538 | D:4      | Found a hazy altar of Hepliaklqana.
  3538 | D:4      | Found a shimmering blue altar of Sif Muna.
  3538 | D:4      | Found a stormy altar of Qazlal.
  3538 | D:4      | Found a bloodstained altar of Trog.
  3538 | D:4      | XOM: silly message
  3665 | D:4      | XOM: 1-stop teleportation journey
  3803 | D:4      | XOM: noise
  3806 | D:4      | Reached skill level 1 in Ranged Weapons
  3806 | D:4      | Reached skill level 2 in Shapeshifting
  4053 | D:4      | XOM: noise
  4151 | D:4      | Reached skill level 2 in Ranged Weapons
  4426 | D:5      | Entered Level 5 of the Dungeon
  4441 | D:5      | Noticed a water moccasin
  4458 | D:5      | XOM: confuse monster(s)
  4460 | D:5      | Killed a water moccasin
  4461 | D:5      | Reached skill level 4 in Fighting
  4461 | D:5      | Reached skill level 3 in Ranged Weapons
  4461 | D:5      | Reached XP level 7. HP: 37/37 MP: 8/8
  4547 | D:5      | XOM: cleaving
  4566 | D:5      | XOM: 2-stop teleportation journey
  5000 | D:5      | XOM: fake destruction
  5012 | D:5      | XOM: polymorph ogre -> goblin
  5056 | D:5      | Found a hazy altar of Hepliaklqana.
  5137 | D:5      | Reached skill level 4 in Ranged Weapons
  5204 | D:5      | XOM: summons 3 hostile demons
  5544 | D:5      | XOM: cleaving
  5565 | D:5      | Reached skill level 5 in Ranged Weapons
  5602 | D:6      | XOM: cast spell 'Summon Hydra'
  5628 | D:6      | XOM: polymorph ice beast -> hound
  5685 | D:6      | Noticed Menkaure
  5712 | D:6      | Killed Menkaure
  5713 | D:6      | Reached XP level 8. HP: 42/42 MP: 9/9
  5747 | D:6      | Reached skill level 6 in Ranged Weapons
  5771 | D:6      | Found a staircase to the Ecumenical Temple.
  5784 | D:6      | Noticed a red ugly thing
  5792 | D:6      | XOM: potion effect (brilliance)
  5793 | D:6      | XOM: polymorph red ugly thing -> brown ugly thing
  5800 | D:6      | XOM: repel stairs
  5806 | D:6      | XOM: cast spell 'Leda's Liquefaction'
  5811 | D:6      | Reached skill level 4 in Dodging
  5850 | D:6      | XOM: 1-stop teleportation journey
  5896 | D:6      | XOM: cast spell 'Summon Cactus Giant'
  5901 | D:6      | Killed a brown ugly thing
  5902 | D:6      | Reached skill level 7 in Ranged Weapons
  5902 | D:6      | Reached skill level 5 in Dodging
  5935 | D:6      | XOM: fog
  5952 | D:6      | XOM: give mutations
  5952 | D:6      | Gained mutation: You are agile. (Dex +4, Str/Int -1) [Xom's
                  | grace]
  5952 | D:6      | Gained mutation: Your skin changes colour to match your
                  | surroundings (Stealth+). [Xom's grace]
  5952 | D:6      | Gained mutation: You are partially covered in iridescent
                  | scales. (AC +2) [Xom's grace]
  5976 | D:6      | XOM: polymorph jelly -> rat
  5981 | D:6      | Reached skill level 6 in Dodging
  6007 | D:6      | Reached skill level 8 in Ranged Weapons
  6034 | D:6      | XOM: summons 3 friendly demons
  6038 | D:6      | Reached XP level 9. HP: 19/45 MP: 10/10
  6146 | D:6      | XOM: enchant monster (bad)
  6210 | D:6      | Reached skill level 7 in Dodging
  6213 | D:6      | Found a glowing drain.
  6220 | Sewer    | Entered a sewer
  6238 | Sewer    | XOM: 3-stop teleportation journey
  6282 | Sewer    | Reached skill level 9 in Ranged Weapons
  6555 | Sewer    | XOM: give mutation
  6555 | Sewer    | Gained mutation: You are partially covered in large bone
                  | plates. (SH +4) [Xom's grace]
  6728 | Sewer    | Reached skill level 8 in Dodging
  6913 | D:6      | XOM: summons 2 friendly demons
  6914 | D:6      | XOM: noise
  7017 | D:6      | Reached skill level 10 in Ranged Weapons
  7175 | D:6      | Found a runed translucent door.
  7176 | D:6      | Noticed Crazy Yiuf
  7210 | D:6      | Killed Crazy Yiuf
  7541 | D:7      | Found a white marble altar of Elyvilon.
  7678 | D:7      | Reached skill level 9 in Dodging
  7690 | D:7      | XOM: give mutations
  7690 | D:7      | Gained mutation: You have large cloven feet. [Xom's grace]
  7690 | D:7      | Gained mutation: You have hoof-like feet. [Xom's grace]
  7690 | D:7      | Gained mutation: Your muscles are strong. (Str +4, Int/Dex
                  | -1) [Xom's grace]
  7690 | D:7      | Gained mutation: You have hooves in place of feet. [Xom's
                  | grace]
  7753 | D:7      | XOM: divination: detect creatures
  7770 | D:7      | Noticed Maurice
  7770 | D:7      | XOM: 4-stop teleportation journey
  7774 | D:7      | XOM: divination: detect items
  7834 | D:7      | Noticed an unseen horror
  7834 | D:7      | XOM: 9-stop teleportation journey
  7846 | D:7      | XOM: give mutation
  7846 | D:7      | Gained mutation: You expend magic power (3 MP) to
                  | strengthen your wands. [Xom's grace]
  7858 | D:7      | XOM: scenery: summon butterflies
  7963 | D:7      | XOM: enchant monster (bad)
  7968 | D:7      | Reached XP level 10. HP: 49/49 MP: 11/11
  8069 | D:7      | XOM: summons friendly shadow imp
  8082 | D:7      | Reached skill level 11 in Ranged Weapons
  8082 | D:7      | Reached skill level 5 in Stealth
  8082 | D:7      | Reached skill level 3 in Shapeshifting
  8195 | D:7      | Noticed a manticore
  8204 | D:7      | Killed a manticore
  8264 | D:7      | Paralysed by Maurice for 2 turns
  8268 | D:7      | XOM: cleaving
  8279 | D:7      | Killed Maurice
  8280 | D:7      | Reached skill level 6 in Stealth
  8280 | D:7      | Reached skill level 4 in Shapeshifting
  8362 | D:7      | Noticed a manticore
  8395 | D:7      | Killed a manticore
  8396 | D:7      | Reached skill level 1 in Evocations
  8460 | D:7      | XOM: scenery: 2 doors close
  8465 | D:7      | Noticed a boulder beetle
  8466 | D:7      | Reached skill level 2 in Evocations
  8468 | D:7      | XOM: potion effect (haste)
  8476 | D:7      | Killed a boulder beetle
  8477 | D:7      | Reached skill level 5 in Fighting
  8477 | D:7      | Reached skill level 12 in Ranged Weapons
  8477 | D:7      | Reached skill level 3 in Evocations
  8512 | D:7      | Identified the +0 robe of Vomp {rCorr Dex+3}
  8661 | D:8      | XOM: confuse monster(s)
  8702 | D:8      | XOM: give mutations
  8702 | D:8      | Gained mutation: Your mind is acute. (Int +4, Str/Dex -1)
                  | [Xom's grace]
  8702 | D:8      | Gained mutation: You are strong-willed. (Will+) [Xom's
                  | grace]
  8702 | D:8      | Gained mutation: You have a pair of small horns on your
                  | head. [Xom's grace]
  8706 | D:8      | XOM: confuse monster(s)
  8713 | D:8      | Reached skill level 4 in Evocations
  8714 | D:8      | Reached XP level 11. HP: 56/56 MP: 12/12
  8719 | D:8      | XOM: 1-stop teleportation journey
  8977 | D:8      | Found a sparkling altar of Nemelex Xobeh.
  9030 | D:8      | XOM: god gift: scroll of amnesia
  9203 | D:9      | XOM: smoke on damage
  9221 | D:9      | Found a bloodstained altar of Trog.
  9221 | D:9      | Found a radiant altar of Vehumet.
  9221 | D:9      | Found a hide-covered altar of Uskayaw.
  9221 | D:9      | XOM: 8-stop teleportation journey
  9250 | D:9      | Reached skill level 5 in Evocations
  9300 | D:9      | Found an ornate altar of the Wu Jian Council.
  9521 | D:9      | Noticed a two-headed ogre
  9548 | D:9      | Killed a two-headed ogre
  9592 | D:9      | XOM: give mutations
  9592 | D:9      | Gained mutation: You have sharp fingernails. [Xom's grace]
  9592 | D:9      | Gained mutation: Your system is resistant to poisons.
                  | (rPois) [Xom's grace]
  9592 | D:9      | Gained mutation: You have hidden genetic potential. [Xom's
                  | grace]
  9592 | D:9      | Lost mutation: You have hooves in place of feet. [Xom's
                  | grace]
  9592 | D:9      | Lost mutation: You have hoof-like feet. [Xom's grace]
  9592 | D:9      | Lost mutation: You have large cloven feet. [Xom's grace]
  9592 | D:9      | Gained mutation: You have sharp toenails. [Xom's grace]
  9735 | D:10     | Entered Level 10 of the Dungeon
  9753 | D:10     | Reached skill level 6 in Fighting
  9801 | D:10     | XOM: divination: detect creatures
  9811 | D:10     | Reached skill level 13 in Ranged Weapons
  9828 | D:10     | XOM: enchant monster (good)
  9832 | D:10     | XOM: summons 4 friendly demons
  9969 | D:10     | Found a shimmering blue altar of Sif Muna.
 10064 | D:10     | XOM: summons friendly ufetubus
 10069 | D:10     | XOM: polymorph ufetubus -> cerulean imp
 10081 | D:10     | Reached skill level 6 in Evocations
 10172 | D:10     | Noticed Nergalle
 10217 | D:10     | Nergalle changed into Nergalle the quicksilver dragon
 10217 | D:10     | Noticed Nergalle
 10217 | D:10     | XOM: polymorph Nergalle -> Nergalle the quicksilver dragon
 10237 | D:10     | Found a blossoming altar of Fedhas.
 10237 | D:10     | Found an iron altar of Okawaru.
 10237 | D:10     | Found a broken altar of Ashenzari.
 10237 | D:10     | Found a snail-covered altar of Cheibriados.
 10237 | D:10     | Found a shadowy altar of Dithmenos.
 10237 | D:10     | Found a glowing golden altar of the Shining One.
 10237 | D:10     | Found a glowing silver altar of Zin.
 10244 | D:11     | Noticed a two-headed ogre
 10369 | D:11     | Killed a two-headed ogre
 10495 | D:11     | XOM: smoke on damage
 10545 | D:11     | Found a staircase to the Orcish Mines.
 10656 | D:11     | XOM: summons 6 hostile demons
 10833 | D:11     | XOM: fog
 10888 | D:11     | XOM: butterfly on damage
 10933 | D:11     | XOM: torment (30/58 hp)
 10936 | D:11     | XOM: summons friendly shadow imp
 11012 | D:11     | Reached skill level 7 in Evocations
 11279 | D:11     | Found a staircase to the Lair.
 11393 | D:11     | Noticed a purple ugly thing
 11414 | D:11     | XOM: cast spell 'Metabolic Englaciation'
 11442 | D:11     | Killed a purple ugly thing
 11481 | D:11     | XOM: divination: detect items
 11514 | D:11     | Reached skill level 14 in Ranged Weapons
 11515 | D:11     | Noticed a boulder beetle
 11519 | D:11     | XOM: divination: detect items
 11533 | D:11     | Killed a boulder beetle
 11542 | D:11     | Identified a scroll of acquirement
 11542 | D:11     | Acquired a +3 orcbow of freezing
 11586 | D:11     | XOM: scenery: 2 doors close
 11589 | D:11     | Reached skill level 7 in Fighting
 11589 | D:11     | Reached XP level 12. HP: 63/63 MP: 13/13
 11735 | Lair:1   | Entered Level 1 of the Lair of Beasts
 11816 | Lair:1   | Reached skill level 8 in Evocations
 11817 | Lair:1   | XOM: potion effect (haste)
 11834 | Lair:1   | XOM: cast spell 'Leda's Liquefaction'
 11966 | Lair:1   | Learned a level 2 spell: Blink
 12025 | Lair:1   | Noticed Maggie
 12042 | Lair:1   | Killed Maggie
 12043 | Lair:1   | Reached skill level 1 in Translocations
 12082 | Lair:1   | Gained mutation: You have a pair of horns on your head.
                  | [hidden potential]
 12220 | Lair:1   | XOM: divination: detect creatures
 12507 | Lair:2   | Noticed a death yak
 12507 | Lair:2   | Noticed a death yak
 12507 | Lair:2   | Noticed a death yak
 12507 | Lair:2   | Noticed a death yak
 12507 | Lair:2   | Noticed a four-headed hydra
 12659 | Lair:2   | XOM: cloud trail
 12663 | Lair:2   | Noticed a death yak
 12667 | Lair:2   | Noticed a death yak
 12670 | Lair:2   | Killed a death yak
 12670 | Lair:2   | Killed a death yak
 12670 | Lair:2   | Killed a death yak
 12670 | Lair:2   | Killed a death yak
 12671 | Lair:2   | Reached skill level 3 in Translocations
 12673 | Lair:2   | Killed a death yak
 12674 | Lair:2   | Reached skill level 5 in Shapeshifting
 12687 | Lair:2   | Killed a death yak
 12688 | Lair:2   | Reached skill level 15 in Ranged Weapons
 12688 | Lair:2   | Reached skill level 4 in Translocations
 12794 | Lair:2   | XOM: cast spell 'Summon Mana Viper'
 12802 | Lair:2   | Killed a four-headed hydra
 12818 | Lair:2   | Noticed an eight-headed hydra
 12822 | Lair:2   | Killed an eight-headed hydra
 12853 | Lair:2   | XOM: cleaving
 12857 | Lair:2   | Reached skill level 5 in Translocations
 12867 | Lair:2   | Found a hole to the Spider Nest.
 13012 | Lair:2   | XOM: give mutations
 13012 | Lair:2   | Gained mutation: You are very agile. (Dex +8, Str/Int -2)
                  | [Xom's grace]
 13012 | Lair:2   | Gained mutation: Your flesh is cold resistant. (rC+) [Xom's
                  | grace]
 13012 | Lair:2   | Gained mutation: Your mind is very acute. (Int +8, Str/Dex
                  | -2) [Xom's grace]
 13012 | Lair:2   | Gained mutation: You possess an exceptional clarity of
                  | mind. [Xom's grace]
 13143 | Lair:2   | XOM: scenery: create altars
 13163 | Lair:2   | Reached skill level 6 in Shapeshifting
 13177 | Lair:2   | Reached skill level 8 in Fighting
 13193 | Lair:2   | XOM is BORED!
 13193 | Lair:2   | XOM: stat loss: -1 Dex (23/24)
 13318 | Lair:3   | Noticed a minotaur
 13318 | Lair:3   | Found a runed translucent gate.
 13318 | Lair:3   | Found a runed translucent gate.
 13318 | Lair:3   | Found a runed translucent gate.
 13322 | Lair:3   | Noticed Ycul's ghost (journeyman HOFi)
 13347 | Lair:2   | XOM: enchant monster (good)
 13395 | Lair:3   | Reached skill level 6 in Translocations
 13406 | Lair:3   | XOM: 2-stop teleportation journey
 13465 | Lair:3   | Noticed a four-headed hydra
 13477 | Lair:3   | Killed a four-headed hydra
 13501 | Lair:3   | XOM: cleaving
 13504 | Lair:3   | Reached XP level 13. HP: 68/68 MP: 14/14
 13622 | Lair:3   | XOM: silly message
 13701 | Lair:3   | XOM: divination: detect items
 13812 | Lair:3   | Found a staircase to the Shoals.
 13940 | Lair:3   | XOM: give mutation
 13940 | Lair:3   | Lost mutation: You are strong-willed. (Will+) [Xom's
                  | mischief]
 14119 | Lair:4   | Reached skill level 7 in Shapeshifting
 14149 | Lair:4   | Reached skill level 7 in Translocations
 14171 | Lair:4   | Gained mutation: You have razor-sharp toenails. [hidden
                  | potential]
 14171 | Lair:4   | Lost mutation: You have hidden genetic potential. [hidden
                  | potential expressed]
 14172 | Lair:4   | Found a transporter.
 14172 | Lair:4   | XOM: 2-stop teleportation journey
 14177 | Lair:4   | Reached skill level 16 in Ranged Weapons
 14183 | Lair:4   | Noticed Rankomyk's ghost (journeyman VSEn)
 14263 | Lair:4   | Reached skill level 8 in Translocations
 14265 | Lair:4   | XOM: smoke on damage
 14310 | Lair:4   | XOM: silly message
 14323 | Lair:4   | Reached skill level 1 in Armour
 14416 | Lair:4   | Found a transporter.
 14421 | Lair:4   | Found a bloodstained altar of Trog.
 14566 | Lair:4   | Found a viscous altar of Jiyva.
 14566 | Lair:4   | Found a staircase to the Slime Pits.
 14677 | Lair:4   | XOM: 5-stop teleportation journey
 14966 | Lair:5   | Entered Level 5 of the Lair of Beasts
 14968 | Lair:5   | XOM: summons 13 friendly demons
 14999 | Lair:5   | Reached skill level 2 in Armour
 15025 | Lair:5   | Reached skill level 10 in Dodging
 15098 | Lair:5   | Found a runed translucent door.
 15098 | Lair:5   | Noticed peterlawrence's ghost (journeyman MiFi)
 15203 | Lair:5   | XOM: noise
 15245 | Lair:5   | XOM: silly message
 15253 | Lair:5   | Reached skill level 3 in Armour
 15317 | Lair:5   | XOM: scenery: summon butterflies
 15456 | Lair:5   | Reached skill level 9 in Fighting
 15466 | Lair:5   | XOM: destruction
 15471 | Lair:5   | Reached skill level 11 in Dodging
 15471 | Lair:5   | XOM: polymorph yak -> death drake
 15480 | Lair:5   | XOM: give mutations
 15480 | Lair:5   | Lost mutation: You expend magic power (3 MP) to strengthen
                  | your wands. [Xom's mischief]
 15480 | Lair:5   | Lost mutation: You are partially covered in large bone
                  | plates. (SH +4) [Xom's mischief]
 15480 | Lair:5   | Lost mutation: Your flesh is cold resistant. (rC+) [Xom's
                  | mischief]
 15480 | Lair:5   | Lost mutation: Your system is resistant to poisons. (rPois)
                  | [Xom's mischief]
 15541 | Lair:5   | XOM: silly message
 15970 | Lair:5   | XOM: silly message
 15993 | Lair:5   | Reached skill level 4 in Armour
 15998 | Lair:5   | Paralysed by a hornet for 1 turns
 16052 | Lair:5   | XOM: silly message
 16054 | Lair:5   | XOM: potion effect (berserk rage)
 16066 | Lair:5   | Reached XP level 14. HP: 75/75 MP: 15/15
 16086 | Lair:5   | XOM: cast spell 'Summon Small Mammal'
 16375 | Lair:5   | Reached skill level 12 in Dodging
 16584 | Lair:5   | Reached skill level 10 in Fighting
 16598 | Lair:5   | XOM: silly message
 16613 | Lair:5   | XOM: potion effect (haste)
 16621 | Lair:5   | Found a corrupted altar of Lugonu.
 16621 | Lair:5   | Found a one-way gate to the infinite horrors of the Abyss.
 16632 | Lair:5   | Got an earthy gem with 444 turns to spare
 16800 | Lair:5   | Killed peterlawrence's ghost
 17002 | Orc:1    | Entered Level 1 of the Orcish Mines
 17014 | Orc:1    | Reached skill level 13 in Dodging
 17107 | Orc:2    | Entered Level 2 of the Orcish Mines
 17107 | Orc:2    | Found Ytaumasch's Book Emporium.
 17138 | Orc:1    | XOM: divination: detect items
 17423 | Orc:1    | XOM: divination: detect creatures
 17515 | Orc:1    | XOM: noise
 17631 | Orc:1    | Found Feokoss's Fabulous Fripperies.
 17636 | Orc:1    | Bought a manual of Fighting for 960 gold pieces
 17782 | Orc:2    | Found a staircase to the Elven Halls.
 18070 | Orc:2    | XOM is BORED!
 18070 | Orc:2    | XOM: silly message
 18344 | Orc:2    | Noticed an orc warlord
 18350 | Orc:2    | XOM: summons friendly ufetubus
 18366 | Orc:2    | XOM: fog
 18378 | Orc:2    | XOM: enchant monster (good)
 18436 | Orc:2    | XOM: scenery: create altars
 18449 | Orc:2    | XOM: 3-stop teleportation journey
 18473 | Orc:2    | XOM: cleaving
 18490 | Orc:2    | XOM: summons friendly white imp
 18497 | Orc:2    | XOM: divination: detect items
 18511 | Orc:2    | Killed an orc warlord
 18512 | Orc:2    | Reached skill level 11 in Fighting
 18516 | Orc:2    | Reached skill level 14 in Dodging
 18549 | Orc:2    | XOM: scenery: summon butterflies
 18634 | Orc:2    | Reached skill level 12 in Fighting
 18646 | Orc:2    | Found Daigegg's Antique Armour Boutique.
 18646 | Orc:2    | Found Qoocougu's General Store.
 18646 | Orc:2    | Found Abiunahyu's Antique Weapon Boutique.
 18646 | Orc:2    | Found Hipuang's Jewellery Shop.
 18663 | Orc:2    | Bought a potion of haste for 150 gold pieces
 18663 | Orc:2    | Bought a wand of paralysis (4) for 144 gold pieces
 18663 | Orc:2    | Bought a scroll of immolation for 60 gold pieces
 18663 | Orc:2    | Bought 2 throwing nets for 90 gold pieces
 18663 | Orc:2    | Bought a scroll of identify for 30 gold pieces
 18672 | Orc:2    | Bought a +4 ring of protection for 396 gold pieces
 18947 | D:11     | XOM: give mutations
 18947 | D:11     | Gained mutation: You are strong-willed. (Will+) [Xom's
                  | grace]
 18947 | D:11     | Gained mutation: You expend magic power (3 MP) to
                  | strengthen your wands. [Xom's grace]
 19062 | D:12     | XOM: noise
 19092 | D:12     | Identified the +6 quarterstaff "Hagorph" {flame, rCorr
                  | Int+2}
 19331 | D:12     | Reached skill level 13 in Fighting
 19357 | D:12     | XOM: blink monster(s)
 19498 | D:12     | XOM: summons 5 hostile demons
 19665 | D:13     | XOM is BORED!
 19665 | D:13     | XOM: 2-stop teleportation journey
 19751 | D:13     | XOM: enchant monster (good)
 19788 | D:13     | XOM: stat loss: -1 Int (18/19)
 19817 | D:13     | XOM: noise
 19829 | D:13     | You fall into a shaft and drop 2 floors!
 19829 | D:15     | Entered Level 15 of the Dungeon
 19924 | D:13     | Reached skill level 14 in Fighting
 19924 | D:13     | Reached XP level 15. HP: 88/88 MP: 16/16
 19941 | D:13     | XOM: chaos upgrade
 19966 | D:13     | XOM: blink monster(s)
 19976 | D:13     | XOM: potion effect (haste)
 19982 | D:13     | XOM: potion effect (might)
 20007 | D:13     | Found a gate leading to a gauntlet.
 20020 | D:13     | XOM: divine lightning
 20033 | Gauntlet | Entered a Gauntlet
 20033 | Gauntlet | Found a transporter.
 20033 | Gauntlet | Found a transporter.
 20034 | Gauntlet | Found a transporter.
 20037 | Gauntlet | Found a transporter.
 20037 | Gauntlet | Found a transporter.
 20049 | Gauntlet | Found a transporter.
 20051 | Gauntlet | Found a transporter.
 20061 | Gauntlet | Found a transporter.
 20086 | Gauntlet | XOM: give mutations
 20086 | Gauntlet | Gained mutation: Your flesh is heat resistant. (rF+) [Xom's
                  | grace]
 20086 | Gauntlet | Gained mutation: Your flesh is cold resistant. (rC+) [Xom's
                  | grace]
 20086 | Gauntlet | Gained mutation: You are mostly covered in iridescent
                  | scales. (AC +4) [Xom's grace]
 20155 | Gauntlet | Found a transporter.
 20163 | Gauntlet | Found a transporter.
 20167 | Gauntlet | Found a transporter.
 20179 | Gauntlet | Found a transporter.
 20313 | Gauntlet | Identified the ring of Teim {Ice +Blink Str+5}
 20342 | Gauntlet | Identified the ring "Qioh" {+Blink rF- rC+ MP+9}
 20363 | Gauntlet | Identified the +5 plate armour of Unambiguity {Harm +Inv
                  | rElec Dex-3}
 20422 | Gauntlet | Identified the +10 rapier "Paorodaw" {heavy, Stlth+}
 20629 | D:13     | Found a hide-covered altar of Uskayaw.
 20754 | D:14     | Reached skill level 15 in Fighting
 20811 | D:14     | XOM: divination: detect creatures
 20944 | D:14     | XOM: silly message
 20963 | D:14     | Noticed Agnes
 20965 | D:14     | XOM: cast spell 'Olgreb's Toxic Radiance'
 20969 | D:14     | Killed Agnes
 21124 | D:14     | XOM: potion effect (curing)
 21312 | D:14     | XOM: noise
 21315 | D:14     | XOM: confuse monster(s)
 21319 | D:14     | XOM: divination: magic mapping
 21456 | D:14     | Reached skill level 16 in Fighting
 21555 | D:14     | Noticed Jorgrun
 21570 | D:14     | Killed Jorgrun
 21869 | D:14     | Found a gate to the Vaults.
 21875 | D:14     | XOM: polymorph vault guard -> glowing shapeshifter
 21876 | D:14     | XOM: enchant monster (good)
 21891 | D:14     | XOM: enchant monster (good)
 21907 | D:14     | Reached skill level 7 in Stealth
 22120 | D:15     | Noticed Josephine
 22134 | D:14     | Killed Josephine
 22181 | D:14     | XOM: scenery: 1 doors close
 22182 | D:14     | Reached skill level 9 in Evocations
 22232 | D:15     | XOM: divination: detect items
 22300 | D:15     | XOM is BORED!
 22300 | D:15     | XOM: give mutations
 22300 | D:15     | Lost mutation: You expend magic power (3 MP) to strengthen
                  | your wands. [Xom's mischief]
 22300 | D:15     | Lost mutation: You are very agile. (Dex +8, Str/Int -2)
                  | [Xom's mischief]
 22303 | D:15     | Reached skill level 8 in Stealth
 22424 | D:15     | XOM: enchant monster (good)
 22442 | D:15     | XOM: cleaving
 22845 | D:15     | XOM: give mutations
 22845 | D:15     | Lost mutation: Your flesh is heat resistant. (rF+) [Xom's
                  | mischief]
 22845 | D:15     | Lost mutation: You have a pair of horns on your head.
                  | [Xom's mischief]
 22932 | D:15     | Identified the +0 scale mail of Gedif {rPois Dex-2 Slay+2}
 22950 | D:15     | Reached skill level 9 in Stealth
 22960 | D:15     | XOM: scenery: summon butterflies
 22961 | D:15     | Reached skill level 15 in Dodging
 22963 | D:15     | XOM: 1-stop teleportation journey
 23036 | D:15     | Reached XP level 16. HP: 96/96 MP: 17/17
 23110 | D:15     | Reached skill level 10 in Evocations
 23255 | D:15     | Found a staircase to the Depths.
 23440 | D:11     | XOM: god gift: book of the Wilderness
 23495 | Lair:3   | XOM: god gift: +4 quick blade of chaos
 23612 | Lair:3   | XOM: fake destruction
 23626 | Lair:3   | XOM: give mutations
 23626 | Lair:3   | Gained mutation: You are highly strong-willed. (Will++)
                  | [Xom's grace]
 23626 | Lair:3   | Gained mutation: Your spells are a little harder to cast,
                  | but a little more powerful. [Xom's grace]
 23626 | Lair:3   | Gained mutation: You are partially covered in large bone
                  | plates. (SH +4) [Xom's grace]
 23626 | Lair:3   | Gained mutation: You have hidden genetic potential. [Xom's
                  | grace]
 23633 | Lair:3   | Killed Ycul's ghost
 23661 | Lair:3   | XOM: scenery: 2 doors close
 23690 | Lair:3   | Lost the earthy gem through the power of Zot.Gained a life
                  | (3 lives remaining)
 23705 | Lair:3   | XOM: summons 16 friendly demons
 23779 | Lair:3   | XOM: chaos upgrade
 23790 | Lair:3   | XOM: butterfly on damage
 23933 | Shoals:1 | Entered Level 1 of the Shoals
 23959 | Shoals:1 | XOM: 5-stop teleportation journey
 24000 | Shoals:1 | XOM: give mutations
 24000 | Shoals:1 | Gained mutation: Your system is resistant to poisons.
                  | (rPois) [Xom's grace]
 24000 | Shoals:1 | Gained mutation: You are completely covered in iridescent
                  | scales. (AC +6) [Xom's grace]
 24000 | Shoals:1 | Gained mutation: Your natural rate of healing is unusually
                  | fast. [Xom's grace]
 24000 | Shoals:1 | Gained mutation: You have great hidden genetic potential.
                  | [Xom's grace]
 24110 | Shoals:1 | You fall into a shaft and drop 1 floor!
 24135 | Shoals:1 | Upgraded the game from 0.31-a0-1395-g7c67ea8c80 to
                  | 0.31-a0-1412-g7b7c7d10e1
 24270 | Shoals:1 | XOM: god gift: spear {god gift}
 24444 | Shoals:1 | Reached skill level 11 in Evocations
 24656 | Shoals:1 | XOM: fog
 24892 | Shoals:2 | XOM: summons 3 friendly demons
 24926 | Shoals:2 | XOM: stat loss: -1 Str (8/9)
 24961 | Shoals:2 | XOM: smoke on damage
 25024 | Shoals:2 | XOM: 5-stop teleportation journey
 25032 | Shoals:2 | XOM: polymorph skyshark -> dire elephant
 25039 | Shoals:2 | XOM: butterfly on damage
 25081 | Shoals:2 | Reached skill level 16 in Dodging
 25281 | Shoals:2 | XOM: draining
 25419 | Shoals:2 | XOM: silly message
 25655 | Shoals:2 | XOM: fake destruction
 26013 | Shoals:3 | Reached skill level 12 in Evocations
 26118 | Shoals:3 | XOM: enchant monster (good)
 26176 | Shoals:3 | Noticed a kraken
 26195 | Shoals:3 | XOM: give mutations
 26195 | Shoals:3 | Lost mutation: You are agile. (Dex +4, Str/Int -1) [Xom's
                  | mischief]
 26195 | Shoals:3 | Lost mutation: Your mind is very acute. (Int +8, Str/Dex
                  | -2) [Xom's mischief]
 26195 | Shoals:3 | Lost mutation: You are highly strong-willed. (Will++)
                  | [Xom's mischief]
 26195 | Shoals:3 | Lost mutation: Your natural rate of healing is unusually
                  | fast. [Xom's mischief]
 26225 | Shoals:3 | Killed a kraken
 26243 | Shoals:3 | XOM: give mutation
 26243 | Shoals:3 | Lost mutation: You have great hidden genetic potential.
                  | [Xom's mischief]
 26253 | Shoals:3 | XOM: 2-stop teleportation journey
 26330 | Shoals:3 | XOM: god gift: potion of brilliance
 26354 | Shoals:3 | Reached skill level 17 in Dodging
 26412 | Shoals:3 | XOM: noise
 26420 | Shoals:3 | XOM: chaos cloud
 26421 | Shoals:3 | XOM: polymorph merfolk aquamancer -> glowing shapeshifter
 26434 | Shoals:3 | Reached skill level 17 in Ranged Weapons
 26656 | Shoals:2 | XOM: stat loss: -1 Dex (19/20)
 26701 | Shoals:4 | Entered Level 4 of the Shoals
 26858 | Shoals:4 | XOM: 3-stop teleportation journey
 26862 | Shoals:4 | XOM: repel stairs
 26891 | Shoals:3 | HP: 4/96 [poisoned by a sea snake]
 26982 | Shoals:4 | XOM: polymorph snapping turtle -> spark wasp
 27196 | Shoals:4 | XOM: polymorph snapping turtle -> shapeshifter
 27207 | Shoals:4 | XOM: cleaving
 27212 | Shoals:4 | Reached XP level 17. HP: 80/100 MP: 18/18
 27227 | Shoals:3 | XOM: god gift: 3 boomerangs
 27325 | Shoals:4 | Reached skill level 18 in Dodging
 27345 | Shoals:4 | Gained mutation: A frigid envelope surrounds you and
                  | freezes all who hurt you. [hidden potential]
 27374 | Shoals:4 | Got a barnacled rune of Zot
 27596 | Shoals:4 | XOM: cleaving
 27638 | Shoals:4 | XOM: enchant monster (good)
 27677 | Shoals:4 | Found Veshoiso's Antique Armour Shop.
 27712 | Shoals:4 | XOM: polymorph harpy -> goblin
 27755 | Shoals:4 | XOM: scenery: summon butterflies
 27877 | Shoals:4 | Reached skill level 18 in Ranged Weapons
 28386 | Lair:4   | XOM: god gift: halberd {god gift}
 28534 | Lair:4   | Killed Rankomyk's ghost
 28567 | Lair:4   | Reached skill level 19 in Dodging
 28653 | Spider:1 | Entered Level 1 of the Spider Nest
 28659 | Spider:1 | XOM: fake destruction
 28706 | Spider:1 | Reached skill level 1 in Shields
 28777 | Spider:1 | XOM: cast spell 'Summon Dragon'
 28777 | Spider:1 | XOM: smoke on damage
 28881 | Spider:1 | Reached skill level 2 in Shields
 28939 | Spider:1 | XOM: potion effect (might)
 28945 | Spider:1 | XOM: enchant monster (bad)
 28964 | Spider:1 | XOM: silly message
 29001 | Spider:1 | Reached skill level 3 in Shields
 29050 | Spider:1 | Found a transporter.
 29092 | Spider:1 | Found a transporter.
 29157 | Spider:1 | Found a runed translucent door.
 29314 | Spider:1 | Reached skill level 20 in Dodging
 29339 | Spider:1 | Reached skill level 4 in Shields
 29340 | Spider:1 | XOM: cast spell 'Olgreb's Toxic Radiance'
 29367 | Spider:1 | XOM: destruction
 29466 | Spider:2 | XOM: summons friendly crimson imp
 29553 | Spider:1 | Reached skill level 5 in Shields
 29652 | Spider:2 | XOM: summons 16 friendly demons
 29694 | Spider:2 | Noticed Kirke
 29696 | Spider:2 | Kirke changed into Kirke the ice dragon
 29696 | Spider:2 | Noticed Kirke
 29696 | Spider:2 | XOM: polymorph Kirke -> Kirke the ice dragon
 29714 | Spider:2 | Killed Kirke the ice dragon
 29733 | Spider:2 | XOM: god gift: scroll of teleportation
 29792 | Spider:2 | XOM: 1-stop teleportation journey
 29826 | Spider:2 | Reached skill level 6 in Shields
 29974 | Spider:2 | XOM: draining
 30182 | Spider:2 | XOM: 5-stop teleportation journey
 30202 | Spider:2 | Reached XP level 18. HP: 95/96 MP: 19/19
 30535 | Spider:3 | XOM: divination: detect items
 30562 | Spider:2 | XOM: scenery: summon butterflies
 30570 | Spider:2 | Gained mutation: You have a pair of horns on your head.
                  | [hidden potential]
 30570 | Spider:2 | Lost mutation: You have hidden genetic potential. [hidden
                  | potential expressed]
 30780 | Spider:3 | XOM: divination: magic mapping
 30887 | Spider:3 | Identified the serpent talisman of Sin {rElec rF+ rC-
                  | Int+6}
 30887 | Spider:3 | Noticed Aizul
 30901 | Spider:2 | Killed Aizul
 30912 | Spider:3 | XOM: silly message
 31111 | Spider:3 | XOM: god gift: leather armour {god gift}
 31154 | Spider:2 | Reached skill level 13 in Evocations
 31670 | Spider:4 | Entered Level 4 of the Spider Nest
 31678 | Spider:3 | XOM: divine lightning
 31717 | Spider:4 | XOM: smoke on damage
 31719 | Spider:4 | XOM: smoke on damage
 32486 | Spider:4 | Reached skill level 21 in Dodging
 32770 | Spider:4 | XOM: 4-stop teleportation journey
 32830 | Spider:4 | Reached skill level 14 in Evocations
 32853 | Spider:4 | XOM: scenery: summon butterflies
 32861 | Spider:4 | XOM: cast spell 'Monstrous Menagerie'
 33140 | Spider:4 | XOM: scenery: create altars
 33169 | Spider:4 | XOM: smoke on damage
 33230 | Spider:4 | XOM: god gift: wand of digging (8)
 33374 | Spider:4 | Reached skill level 22 in Dodging
 33374 | Spider:4 | Reached XP level 19. HP: 109/109 MP: 20/20
 33381 | Spider:4 | Got a gossamer rune of Zot
 33480 | Spider:4 | XOM: divination: detect creatures
 33698 | Elf:1    | Entered Level 1 of the Elven Halls
 33707 | Elf:1    | XOM: god gift: plate armour {god gift}
 33718 | Elf:1    | Noticed Zenata
 33724 | Elf:1    | Zenata changed into Zenata the emperor scorpion
 33724 | Elf:1    | Noticed Zenata
 33734 | Elf:1    | Killed Zenata the emperor scorpion
 33800 | Elf:1    | XOM: smoke on damage
 33969 | Elf:1    | Found a crumbling gateway.
 34069 | Elf:1    | Reached skill level 19 in Ranged Weapons
 34070 | Elf:1    | XOM: summons friendly iron imp
 34100 | Elf:1    | XOM: scenery: 2 doors close
 34115 | Elf:1    | XOM: god gift: wand of paralysis (2)
 34207 | Elf:1    | Reached skill level 15 in Evocations
 34277 | Elf:1    | Found a frozen archway.
 34407 | Elf:1    | XOM: cast spell 'Summon Ice Beast'
 34424 | Elf:1    | XOM: enchant monster (good)
 34474 | Elf:1    | Reached XP level 20. HP: 114/114 MP: 21/21
 34761 | Elf:1    | XOM: summons 3 hostile demons
 34770 | Elf:1    | XOM: summons 6 friendly demons
 34775 | Elf:1    | XOM: summons 5 friendly demons
 34780 | Elf:1    | XOM: god gift: wand of quicksilver (5)
 34784 | Elf:1    | XOM: chaos upgrade
 34800 | Elf:1    | XOM: chaos upgrade
 34963 | Orc:2    | XOM: summons 1 hostile shadow creature
 34989 | Orc:1    | Bought a scroll of fog for 48 gold pieces
 35116 | D:11     | XOM: noise
 35173 | D:14     | XOM: silly message
 35197 | Vaults:1 | Entered Level 1 of the Vaults
 35246 | D:14     | Reached skill level 23 in Dodging
 35259 | D:14     | XOM: enchant monster (good)
 35349 | Vaults:1 | Noticed Asterion
 35358 | Vaults:1 | Killed Asterion
 35371 | Vaults:1 | Acquired a manual of Fighting
 35664 | Vaults:1 | Found Naituo's Jewellery Shop.
 35668 | Vaults:1 | Bought an amulet of guardian spirit for 480 gold pieces
 35786 | Vaults:1 | Found a runed translucent gate.
 35786 | Vaults:1 | Found a runed translucent gate.
 35786 | Vaults:1 | Found a runed translucent gate.
 35790 | Vaults:1 | Noticed Angmar's ghost (veteran DrAE)
 35928 | Vaults:1 | Reached skill level 1 in Spellcasting
 36136 | Vaults:1 | Reached skill level 2 in Spellcasting
 36140 | Vaults:1 | XOM: potion effect (magic)
 36329 | Vaults:2 | Reached skill level 3 in Spellcasting
 36395 | Vaults:2 | Noticed Boris
 36540 | Vaults:2 | XOM: 1-stop teleportation journey
 36574 | Vaults:2 | XOM: cast spell 'Death Channel'
 36603 | Vaults:2 | XOM: divination: magic mapping
 36608 | Vaults:2 | Reached skill level 4 in Spellcasting
 36622 | Vaults:2 | Reached skill level 20 in Ranged Weapons
 36629 | Vaults:2 | XOM: cloud trail
 36665 | Vaults:2 | XOM: silly message
 36778 | Vaults:2 | Paralysed by a formless jellyfish for 1 turns
 37246 | Vaults:2 | XOM: scenery: 2 doors close
 37253 | Vaults:2 | XOM: scenery: create altars
 37273 | Vaults:2 | Noticed Norris
 37278 | Vaults:2 | XOM: cast spell 'Alistair's Intoxication'
 37295 | Vaults:2 | Reached skill level 5 in Spellcasting
 37333 | Vaults:2 | Killed Norris
 37451 | Vaults:2 | XOM: silly message
 37476 | Vaults:2 | XOM: smoke on damage
 37571 | Vaults:2 | XOM: divination: detect items
 37575 | Vaults:2 | XOM: divination: magic mapping
 37605 | Vaults:2 | Reached skill level 17 in Fighting
 37745 | Vaults:2 | XOM: summons 3 friendly demons
 37752 | Vaults:2 | XOM: enchant monster (good)
 38078 | Vaults:2 | XOM: give mutations
 38078 | Vaults:2 | Lost mutation: A frigid envelope surrounds you and freezes
                  | all who hurt you. [Xom's mischief]
 38078 | Vaults:2 | Lost mutation: Your system is resistant to poisons. (rPois)
                  | [Xom's mischief]
 38078 | Vaults:2 | Lost mutation: Your mind is acute. (Int +4, Str/Dex -1)
                  | [Xom's mischief]
 38078 | Vaults:2 | Lost mutation: Your flesh is cold resistant. (rC+) [Xom's
                  | mischief]
 38612 | Vaults:3 | XOM: noise
 38615 | Vaults:3 | Reached skill level 6 in Spellcasting
 38622 | Vaults:3 | XOM: potion effect (heal wounds)
 38679 | Vaults:3 | Noticed Bai Suzhen
 38700 | Vaults:3 | Killed Bai Suzhen
 38701 | Vaults:3 | Reached skill level 24 in Dodging
 38792 | Vaults:3 | Noticed an ancient lich
 38794 | Vaults:3 | Killed an ancient lich
 38795 | Vaults:3 | Reached XP level 21. HP: 121/121 MP: 31/31
 38809 | Vaults:3 | XOM: destruction
 38826 | Vaults:3 | XOM: god gift: +5 ring of evasion
 38893 | Vaults:3 | Found the +5 glaive of the Guard {elec, spectral}
 38948 | Vaults:3 | XOM: god gift: scroll of teleportation
 38959 | Vaults:3 | XOM: summons 2 friendly demons
 39103 | Vaults:3 | XOM: summons 9 friendly demons
 39110 | Vaults:3 | XOM: divination: magic mapping
 39120 | Vaults:3 | XOM: 3-stop teleportation journey
 39193 | Vaults:3 | Reached skill level 7 in Shields
 39218 | Vaults:3 | Reached skill level 7 in Spellcasting
 39468 | Vaults:3 | XOM: polymorph ironbound preserver -> yaktaur
 39666 | Vaults:3 | XOM: 5-stop teleportation journey
 39785 | Vaults:3 | XOM: summons friendly ufetubus
 39804 | Vaults:3 | XOM: enchant monster (good)
 39883 | Vaults:3 | XOM: scenery: 3 doors close
 39985 | Vaults:3 | XOM: enchant monster (bad)
 40036 | Vaults:3 | Found a staircase to the Crypt.
 40130 | Vaults:3 | Learned a level 5 spell: Silence
 40209 | Vaults:4 | Reached skill level 8 in Spellcasting
 40212 | Vaults:4 | Reached skill level 1 in Hexes
 40249 | Vaults:4 | XOM: summons 6 friendly demons
 40251 | Vaults:4 | XOM: cleaving
 40261 | Vaults:4 | XOM: summons friendly white imp
 40263 | Vaults:4 | Reached skill level 2 in Hexes
 40263 | Vaults:4 | Reached skill level 1 in Air Magic
 40267 | Vaults:4 | XOM: give mutations
 40267 | Vaults:4 | Gained mutation: You are somewhat resistant to further
                  | mutation. [Xom's grace]
 40267 | Vaults:4 | Gained mutation: Your natural rate of healing is unusually
                  | fast. [Xom's grace]
 40400 | Vaults:4 | Found a magical portal.
 40405 | WizLab   | Entered Lehudib's Moon Base
 40413 | WizLab   | XOM: 2-stop teleportation journey
 40444 | WizLab   | XOM: god gift: 11 gold pieces
 40507 | WizLab   | Found a transporter.
 40514 | WizLab   | Got the Encyclopedia of the Cunning Xenolith
 40524 | WizLab   | Identified the +2 pair of gloves of the Pink Corner {rF+
                  | Regen+}
 40547 | WizLab   | Reached skill level 3 in Hexes
 40610 | WizLab   | Reached skill level 18 in Fighting
 40635 | WizLab   | Reached skill level 2 in Air Magic
 40685 | WizLab   | Reached skill level 4 in Hexes
 40695 | WizLab   | Paralysed by accursed screaming for 1 turns
 40788 | WizLab   | XOM: give mutations
 40788 | WizLab   | Gained mutation: You heal very quickly. [Xom's grace]
 40788 | WizLab   | Gained mutation: You have a pair of large horns on your
                  | head. [Xom's grace]
 40788 | WizLab   | Gained mutation: You passively map a small area around you.
                  | [Xom's grace]
 40995 | WizLab   | Gained mutation: You are frail. (-10% HP) [a neqoxec]
 41067 | WizLab   | Reached skill level 5 in Hexes
 41154 | WizLab   | XOM: give mutations
 41154 | WizLab   | Lost mutation: You are frail. (-10% HP) [Xom's grace]
 41154 | WizLab   | Lost mutation: You are somewhat resistant to further
                  | mutation. [Xom's grace]
 41154 | WizLab   | Gained mutation: You have hidden genetic potential. [Xom's
                  | grace]
 41157 | WizLab   | XOM: 1-stop teleportation journey
 41165 | WizLab   | XOM: scenery: create altars
 41184 | WizLab   | Identified the +9 hand cannon of Plog {flame, rElec rPois
                  | Str+2 Int+2} (Xom gifted it to you in a wizard's
                  | laboratory)
 41184 | WizLab   | XOM: god gift: +9 hand cannon of Plog {chaos, rElec rPois
                  | Str+2 Int+2}
 41308 | WizLab   | XOM: fog
 41314 | WizLab   | XOM: fake destruction
 41422 | WizLab   | XOM: god gift: potion of resistance
 41433 | WizLab   | XOM: 1-stop teleportation journey
 41462 | WizLab   | XOM: cleaving
 41474 | WizLab   | Reached skill level 8 in Shields
 41474 | WizLab   | Reached skill level 3 in Air Magic
 41504 | WizLab   | Reached skill level 6 in Hexes
 41570 | WizLab   | XOM: scenery: create altars
 41573 | WizLab   | XOM: polymorph purple very ugly thing -> white very ugly
                  | thing
 41745 | WizLab   | Found a transporter.
 42446 | Orc:2    | Bought the amulet "Japhivay" {RegenMP rF+ rN+} for 530 gold
                  | pieces
 42790 | Vaults:4 | XOM: polymorph necromancer -> guardian serpent
 42799 | Vaults:4 | Reached skill level 7 in Hexes
 42892 | Vaults:4 | XOM: god gift: 902 gold pieces
 43124 | Vaults:4 | Reached skill level 25 in Dodging
 43124 | Vaults:4 | Reached skill level 4 in Air Magic
 43445 | Vaults:4 | Reached XP level 22. HP: 129/129 MP: 35/35
 43503 | Vaults:4 | XOM: fog
 43515 | Vaults:4 | Reached skill level 8 in Hexes
 43520 | Vaults:4 | XOM: fog
 43529 | Vaults:4 | XOM: enchant monster (good)
 43541 | Vaults:4 | XOM: polymorph purple ugly thing -> cyan ugly thing
 43551 | Vaults:4 | XOM: scenery: create altars
 43645 | Vaults:4 | XOM: god gift: 7 stones
 43743 | Vaults:4 | XOM: divine lightning
 43832 | Vaults:4 | XOM: god gift: scroll of vulnerability
 43973 | Vaults:4 | XOM: stat loss: -1 Dex (23/24)
 44598 | Elf:2    | Paralysed by an air elemental for 1 turns
 44614 | Elf:2    | XOM: summons friendly crimson imp
 44634 | Elf:2    | XOM: divination: detect creatures
 44638 | Elf:2    | XOM: enchant monster (good)
 44643 | Elf:2    | XOM: 3-stop teleportation journey
 44647 | Elf:2    | Found a runed translucent gate.
 44647 | Elf:2    | Found a runed translucent gate.
 44648 | Elf:2    | Found a runed translucent gate.
 44661 | Elf:2    | XOM: noise
 44669 | Elf:2    | Reached skill level 9 in Hexes
 44684 | Elf:2    | XOM: enchant monster (bad)
 44690 | Elf:2    | XOM: polymorph hellwing -> red devil
 44691 | Elf:2    | XOM: chaos upgrade
 44697 | Elf:2    | XOM: swap monsters
 44704 | Elf:2    | Reached skill level 5 in Air Magic
 44710 | Elf:2    | XOM: chaos cloud
 44712 | Elf:2    | XOM: summons 3 friendly demons
 44716 | Elf:2    | Reached skill level 10 in Hexes
 44729 | Elf:2    | XOM: enchant monster (bad)
 44735 | Elf:2    | XOM: chaos upgrade
 44781 | Elf:2    | XOM: summons 12 hostile demons
 44812 | Elf:2    | Reached skill level 19 in Fighting
 44835 | Elf:2    | XOM: chaos upgrade
 44849 | Elf:2    | Reached skill level 9 in Shields
 44977 | Elf:2    | XOM: enchant monster (bad)
 45116 | Elf:2    | Found a portal to a secret trove of treasure.
 45140 | Elf:2    | Found Useofer's Elven Fire.
 45140 | Elf:2    | XOM: 10-stop teleportation journey
 45233 | Elf:2    | Reached skill level 11 in Hexes
 45239 | Elf:2    | Bought a scroll of immolation for 56 gold pieces
 45614 | D:11     | XOM: stat loss: -1 Dex (23/24)
 46290 | Elf:2    | You paid a toll of +4 storm dragon scales to enter a
                  | treasure trove
 46291 | Trove    | Entered a treasure trove
 46318 | Trove    | Reached skill level 26 in Dodging
 46318 | Trove    | Reached XP level 23. HP: 135/135 MP: 36/36
 46394 | Elf:3    | Entered Level 3 of the Elven Halls
 46503 | Elf:3    | XOM: 1-stop teleportation journey
 46518 | Elf:3    | XOM: enchant monster (bad)
 46740 | Elf:3    | Found a runed translucent gate.
 46740 | Elf:3    | Found a runed translucent gate.
 46740 | Elf:3    | Found a runed translucent gate.
 46860 | Elf:3    | XOM: polymorph deep elf knight -> guardian serpent
 46896 | Elf:3    | Reached skill level 12 in Hexes
 46910 | Elf:3    | Gained mutation: You have a somewhat thin skeletal
                  | structure. (Dex +2, Stealth+) [hidden potential]
 47318 | Elf:3    | XOM: give mutations
 47318 | Elf:3    | Lost mutation: Your muscles are strong. (Str +4, Int/Dex
                  | -1) [Xom's mischief]
 47318 | Elf:3    | Lost mutation: You are strong-willed. (Will+) [Xom's
                  | mischief]
 47566 | Elf:3    | Gained mutation: You are vulnerable to cold. (rC-) [a
                  | neqoxec]
 47591 | Elf:3    | Identified the ring of Gevi {Ice ^Drain *Slow rElec Str+8}
 47862 | Elf:3    | Identified the +3 falchion of Eminent Domain {freeze, rElec
                  | Will+ MP+9}
 48017 | Elf:3    | Identified the amulet of Fiaffint {Reflect *Corrode rF+
                  | Str+3 SH+5}
 48018 | Elf:3    | Reached skill level 13 in Hexes
 48031 | Elf:3    | Identified the +1 scale mail of Rotation {Rampage rPois
                  | rCorr Int-4}
 48332 | Elf:3    | Got the Annotations on the Alembic
 48340 | Elf:3    | Learned a level 3 spell: Tukima's Dance
 48345 | Elf:3    | Learned a level 4 spell: Cause Fear
 48348 | Elf:3    | Learned a level 2 spell: Passwall
 48354 | Elf:3    | Learned a level 5 spell: Yara's Violent Unravelling
 48359 | Elf:3    | Learned a level 4 spell: Passage of Golubria
 48381 | Elf:3    | Got Lapseot's Secrets of Shivering Evil Rites
 48484 | Elf:3    | Got Adif's Induction into Hermeneutics
 48568 | Elf:3    | XOM: scenery: 3 doors close
 48587 | Elf:3    | XOM: cleaving
 48621 | Elf:3    | XOM: confuse monster(s)
 48631 | Elf:3    | Reached skill level 21 in Ranged Weapons
 48741 | Elf:3    | Found a runed translucent gate.
 48741 | Elf:3    | Found a runed translucent gate.
 48744 | Elf:3    | Found a runed translucent gate.
 48748 | Elf:3    | Noticed InterstingKuromi's ghost (veteran GnFi)
 48800 | Elf:3    | XOM: enchant monster (good)
 48801 | Elf:3    | XOM: fake destruction
 48808 | Elf:3    | Gained mutation: You are frail. (-10% HP) [a cacodemon]
 48835 | Elf:3    | Killed InterstingKuromi's ghost
 48862 | Elf:3    | Reached XP level 24. HP: 127/127 MP: 36/36
 48866 | Elf:3    | Reached skill level 14 in Hexes
 48917 | Elf:3    | Lost mutation: You have hidden genetic potential. [potion
                  | of mutation]
 48917 | Elf:3    | Lost mutation: You have a pair of large horns on your head.
                  | [potion of mutation]
 48917 | Elf:3    | Gained mutation: Your system is resistant to poisons.
                  | (rPois) [potion of mutation]
 48918 | Elf:3    | Lost mutation: You heal very quickly. [potion of mutation]
 48918 | Elf:3    | Lost mutation: You are partially covered in large bone
                  | plates. (SH +4) [potion of mutation]
 48918 | Elf:3    | Gained mutation: Your spells are harder to cast, but more
                  | powerful. [potion of mutation]
 48919 | Elf:3    | Lost mutation: You have sharp fingernails. [potion of
                  | mutation]
 48919 | Elf:3    | Lost mutation: You are frail. (-10% HP) [potion of
                  | mutation]
 48919 | Elf:3    | Lost mutation: You have a pair of horns on your head.
                  | [potion of mutation]
 48919 | Elf:3    | Lost mutation: You are vulnerable to cold. (rC-) [potion of
                  | mutation]
 48919 | Elf:3    | Gained mutation: Your spells are much harder to cast, but
                  | much more powerful. [potion of mutation]
 49101 | Elf:1    | XOM: cloud trail
 49110 | Elf:1    | XOM: scenery: 2 doors close
 49176 | Orc:2    | Bought a book of Party Tricks for 264 gold pieces
 49178 | Orc:2    | Learned a level 1 spell: Apportation
 49291 | Elf:2    | XOM: give mutations
 49291 | Elf:2    | Gained mutation: You expend magic power (3 MP) to
                  | strengthen your wands. [Xom's grace]
 49291 | Elf:2    | Gained mutation: Your mind is acute. (Int +4, Str/Dex -1)
                  | [Xom's grace]
 49357 | Elf:3    | Identified the +0 cloak "Gothrod" {-Cast rPois Str-4 Dex+8}
 49694 | Depths:1 | Entered Level 1 of the Depths
 49718 | Depths:1 | XOM: swap monsters
 49721 | Depths:1 | XOM: divination: magic mapping
 49726 | Depths:1 | XOM: potion effect (attraction)
 49740 | Depths:1 | XOM: silly message
 49752 | Depths:1 | XOM: scenery: summon butterflies
 49782 | Depths:1 | XOM: potion effect (brilliance)
 49878 | Depths:1 | XOM: silly message
 49967 | Depths:1 | Reached skill level 15 in Hexes
 49971 | Depths:1 | XOM: divine lightning
 49984 | Depths:1 | Reached skill level 20 in Fighting
 50019 | Depths:1 | XOM: fake destruction
 50188 | Depths:1 | XOM: potion effect (brilliance)
 50309 | Depths:1 | Found a white marble altar of Elyvilon.
 50388 | Depths:1 | Identified the ring "Uvvop" {rPois rC+ rN+ rCorr Int+3
                  | Slay-6}
 50414 | Depths:1 | Found a glowing golden altar of the Shining One.
 50420 | Depths:1 | Found a burning altar of Makhleb.
 50518 | Depths:1 | Found a one-way gateway to a ziggurat.
 50546 | Depths:1 | XOM: god gift: 3 darts of dispersal
 50595 | Depths:1 | XOM: god gift: spear {god gift}
 50635 | Depths:1 | Found a gateway to Hell.
 50703 | Depths:2 | Found a transporter.
 50708 | Depths:2 | XOM: god gift: potion of curing
 50728 | Depths:2 | Reached skill level 22 in Ranged Weapons
 50735 | Depths:2 | XOM: polymorph ettin -> guardian serpent
 50747 | Depths:2 | Found a transporter.
 50819 | Depths:2 | XOM: cast spell 'Discord'
 50838 | Depths:2 | XOM: give mutations
 50838 | Depths:2 | Gained mutation: You are robust. (+10% HP) [Xom's grace]
 50838 | Depths:2 | Gained mutation: You are covered in fur. (AC +1) [Xom's
                  | grace]
 50838 | Depths:2 | Gained mutation: Your movements are slightly less
                  | encumbered by armour. (ER -2) [Xom's grace]
 50838 | Depths:2 | Gained mutation: You have claws for feet. [Xom's grace]
 50839 | Depths:2 | XOM: polymorph fire dragon -> hog
 50856 | Depths:2 | Found a transporter.
 50858 | Depths:2 | Found a transporter.
 50886 | Depths:2 | XOM: enchant monster (bad)
 50887 | Depths:2 | XOM: confuse monster(s)
 50926 | Depths:2 | XOM: stat loss: -1 Int (19/20)
 50992 | Depths:2 | Found a one-way gate leading to the halls of Pandemonium.
 51028 | Depths:2 | XOM: divine lightning
 51036 | Depths:2 | XOM: give mutations
 51036 | Depths:2 | Gained mutation: Your mind is very acute. (Int +8, Str/Dex
                  | -2) [Xom's grace]
 51036 | Depths:2 | Gained mutation: Your muscles are strong. (Str +4, Int/Dex
                  | -1) [Xom's grace]
 51036 | Depths:2 | Gained mutation: Your muscles are very strong. (Str +8,
                  | Int/Dex -2) [Xom's grace]
 51036 | Depths:2 | Gained mutation: You are somewhat resistant to further
                  | mutation. [Xom's grace]
 51149 | Depths:2 | XOM: summons 6 friendly demons
 51267 | Depths:2 | Reached skill level 23 in Ranged Weapons
 51321 | Depths:2 | XOM: silly message
 51333 | Depths:2 | XOM: potion effect (might)
 51342 | Depths:2 | XOM: silly message
 51365 | Depths:2 | XOM: potion effect (invisibility)
 51423 | Depths:2 | XOM: potion effect (berserk rage)
 51436 | Depths:2 | XOM: potion effect (curing)
 51445 | Depths:2 | XOM: potion effect (magic)
 51670 | Depths:2 | XOM: potion effect (haste)
 51759 | Depths:2 | Found a transporter.
 51762 | Depths:2 | Found a transporter.
 52044 | Depths:3 | XOM: potion effect (brilliance)
 52091 | Depths:3 | Identified the +9 arbalest of the Glimmering Priest {elec,
                  | rF++ Will+ Str+3}
 52207 | Depths:2 | XOM: scenery: 2 doors close
 52371 | Depths:3 | XOM: scenery: summon butterflies
 52398 | Depths:3 | Reached skill level 24 in Ranged Weapons
 52406 | Depths:3 | Noticed the Enchantress
 52410 | Depths:3 | XOM: smoke on damage
 52423 | Depths:3 | Killed the Enchantress
 52424 | Depths:3 | Reached XP level 25. HP: 134/161 MP: 30/36
 52424 | Depths:3 | XOM: cast spell 'Summon Mana Viper'
 52452 | Depths:3 | Acquired 596 gold pieces
 52696 | Depths:3 | Identified the amulet "Efa Lia" {Faith rElec rPois rN+}
 52970 | Depths:4 | Entered Level 4 of the Depths
 52973 | Depths:4 | XOM: silly message
 53052 | Depths:4 | XOM: swap monsters
 53133 | Depths:4 | XOM: swap monsters
 53159 | Depths:4 | XOM: noise
 53171 | Depths:4 | XOM: noise
 53178 | Depths:4 | Reached skill level 25 in Ranged Weapons
 53179 | Depths:4 | XOM: cast spell 'Olgreb's Toxic Radiance'
 53209 | Depths:3 | XOM: smoke on damage
 53272 | Depths:4 | XOM: silly message
 53453 | Depths:4 | Found a gate to the Realm of Zot.
 53461 | Depths:4 | Got a midnight gem with 37 turns to spare
 53520 | Depths:4 | Lost the midnight gem through the power of Zot.Gained a
                  | life (12 lives remaining)
 53534 | Depths:4 | Noticed a juggernaut
 53542 | Depths:4 | XOM: stat loss: -1 Dex (22/23)
 53598 | Depths:4 | Found a runed translucent gate.
 53598 | Depths:4 | Found a runed translucent gate.
 53598 | Depths:4 | Found a runed translucent gate.
 53598 | Depths:4 | Noticed Zousilah's ghost (adept SpHu)
 53760 | Depths:4 | Identified the ring "Sughad" {Will+ Str+2}
 53762 | Depths:4 | Identified the amulet of Epsu Cilysch {Spirit rPois}
 53763 | Depths:4 | Identified the +5 falchion of the Equator {heavy, rPois rF+
                  | Str+2}
 54052 | Depths:4 | XOM: summons 7 friendly demons
 54054 | Depths:4 | Killed a juggernaut
 54062 | Depths:4 | Reached skill level 26 in Ranged Weapons
 54067 | Depths:4 | XOM: cast spell 'Malign Gateway'
 54122 | Depths:4 | XOM: summons 10 friendly demons
 54135 | Depths:4 | XOM: scenery: 3 doors close
 54197 | Depths:4 | Killed Zousilah's ghost
 54289 | Depths:4 | Noticed a juggernaut
 54301 | Depths:4 | Killed a juggernaut
 54303 | Depths:4 | Noticed an ancient lich
 54306 | Depths:4 | XOM: summons friendly crimson imp
 54317 | Depths:4 | Killed an ancient lich
 54384 | Depths:4 | XOM: 6-stop teleportation journey
 54411 | Depths:4 | XOM: 1-stop teleportation journey
 54483 | Depths:4 | Identified the staff of Lust {rElec rPois rF+ Hexes Air}
 54759 | Vaults:1 | XOM: scenery: 1 doors close
 54884 | Vaults:5 | Entered Level 5 of the Vaults
 54968 | Vaults:5 | XOM: enchant monster (bad)
 55000 | Vaults:5 | Reached skill level 27 in Ranged Weapons
 55065 | Vaults:5 | Got a silver rune of Zot
 55082 | Vaults:5 | XOM: stat loss: -1 Int (22/23)
 55234 | Vaults:5 | XOM: enchant monster (bad)
 55246 | Vaults:5 | XOM: 4-stop teleportation journey
 55247 | Vaults:5 | Reached skill level 27 in Dodging
 55250 | Vaults:5 | XOM: torment (96/161 hp)
 55260 | Vaults:5 | XOM: smoke on damage
 55281 | Vaults:5 | XOM: noise
 55295 | Vaults:5 | Reached skill level 5 in Armour
 55299 | Vaults:5 | Reached skill level 9 in Spellcasting
 55299 | Vaults:5 | Reached XP level 26. HP: 163/167 MP: 28/37
 55322 | Vaults:5 | XOM: butterfly on damage
 55335 | Vaults:5 | Reached skill level 6 in Armour
 55580 | Vaults:5 | XOM: stat loss: -1 Dex (22/23)
 55615 | Vaults:5 | XOM: summons 4 hostile shadow creatures
 55674 | Vaults:5 | Reached skill level 16 in Evocations
 55719 | Vaults:5 | Reached skill level 10 in Spellcasting
 55780 | Vaults:5 | XOM: swap monsters
 55789 | Vaults:5 | Reached skill level 7 in Armour
 55794 | Vaults:5 | XOM: enchant monster (bad)
 55813 | Vaults:5 | XOM: draining
 56034 | Vaults:5 | XOM: noise
 56036 | Vaults:5 | Reached skill level 8 in Armour
 56039 | Vaults:5 | Reached skill level 11 in Spellcasting
 56044 | Vaults:5 | XOM: divination: detect creatures
 56079 | Vaults:5 | XOM: enchant monster (good)
 56085 | Vaults:5 | Reached skill level 17 in Evocations
 56169 | Vaults:5 | Got the Commentary on Shadows
 56401 | Vaults:5 | Identified the +2 mace of Gulux {venom, rElec rPois}
 56490 | Vaults:5 | XOM: god gift: potion of curing
 56763 | D:14     | XOM: god gift: scroll of brand weapon
 56983 | Zot:1    | Entered Level 1 of the Realm of Zot
 57075 | Zot:2    | Reached skill level 1 in Alchemy
 57095 | Zot:2    | Reached skill level 1 in Earth Magic
 57128 | Zot:3    | XOM: cleaving
 57129 | Zot:3    | XOM: summons 2 hostile shadow creatures
 57132 | Zot:3    | XOM: 2-stop teleportation journey
 57146 | Zot:3    | XOM: divine lightning
 57157 | Zot:3    | XOM: scenery: create altars
 57161 | Zot:3    | XOM: destruction
 57172 | Zot:3    | Reached skill level 2 in Alchemy
 57186 | Zot:3    | XOM: divination: magic mapping
 57187 | Zot:3    | Reached skill level 9 in Armour
 57187 | Zot:3    | XOM: summons 2 friendly demons
 57195 | Zot:3    | XOM: cleaving
 57207 | Zot:3    | Reached skill level 2 in Earth Magic
 57257 | Zot:4    | XOM: confuse monster(s)
 57271 | Zot:3    | XOM: summons 3 friendly demons
 57274 | Zot:3    | XOM: silly message
 57280 | Zot:3    | XOM: divination: detect items
 57307 | Zot:3    | Reached skill level 3 in Alchemy
 57430 | Zot:4    | XOM: divination: magic mapping
 57431 | Zot:4    | XOM: cast spell 'Summon Small Mammal'
 57446 | Zot:3    | XOM: silly message
 57448 | Zot:3    | XOM: cast spell 'Olgreb's Toxic Radiance'
 57450 | Zot:3    | XOM: enchant monster (good)
 57492 | Zot:3    | XOM: chaos upgrade
 57507 | Zot:3    | Reached skill level 12 in Spellcasting
 57522 | Zot:4    | XOM: cast spell 'Metabolic Englaciation'
 57536 | Zot:4    | XOM: confuse monster(s)
 57543 | Zot:4    | Reached skill level 3 in Earth Magic
 57675 | Zot:4    | XOM: polymorph black draconian -> stone giant
 57724 | Zot:4    | Reached skill level 4 in Alchemy
 57746 | Zot:4    | XOM: 1-stop teleportation journey
 58227 | Zot:5    | Entered Level 5 of the Realm of Zot
 58375 | Zot:5    | Reached skill level 10 in Armour
 58431 | Zot:5    | Reached skill level 4 in Earth Magic
 58434 | Zot:5    | XOM: swap monsters
 58436 | Zot:5    | Reached skill level 18 in Evocations
 58437 | Zot:5    | XOM: noise
 58444 | Zot:5    | Reached skill level 5 in Alchemy
 58477 | Zot:5    | Got a prismatic gem with 296 turns to spare
 58501 | Zot:5    | Noticed an orb of fire
 58504 | Zot:5    | Noticed an orb of fire
 58506 | Zot:5    | Noticed an orb of fire
 58506 | Zot:5    | Noticed an orb of fire
 58506 | Zot:5    | Noticed an orb of fire
 58507 | Zot:5    | XOM: cast spell 'Disjunction'
 58512 | Zot:5    | Got the Orb of Zot
 58514 | Zot:5    | XOM: summons friendly crimson imp
 58515 | Zot:5    | Noticed an orb of fire
 58585 | Zot:2    | XOM: 2-stop teleportation journey
 58859 | D:11     | XOM: give mutations
 58859 | D:11     | Lost mutation: You are robust. (+10% HP) [Xom's mischief]
 58859 | D:11     | Lost mutation: Your mind is very acute. (Int +8, Str/Dex
                  | -2) [Xom's mischief]
 58859 | D:11     | Lost mutation: Your natural rate of healing is unusually
                  | fast. [Xom's mischief]
 58893 | D:9      | XOM: butterfly on damage
 59010 | D:2      | Noticed Gucroune the pandemonium lord
 59055 | D:$      | Escaped with the Orb!

Illustrated notes

Levels and vault maps discovered:
D:1:      lemuel_arrival_room, layout_basic,
          hellmonk_ecumenical_altar_watching_god
D:2:      layout_basic
D:3:      layout_loops_corners, nicolae_qazlal_scattered_showers,
          kennysheep_generic_room_4, uniq_robin
D:4:      cheibrodos_fertilizer, layout_loops_ring, minmay_misc_feat_iff
D:5:      layout_loops_cross, old_standard_altar
D:6:      layout_cave_pools, minmay_temple_entry_purple_smoke,
          mainiacjoe_sewer_entry_somewhere_in_here_1, minmay_joined_circles,
          uniq_menkaure, uniq_crazy_yiuf_cottage
D:7:      minmay_the_grid_plus_closed [minmay_the_grid_embedded,
          minmay_the_grid_pillar_ring, minmay_the_grid_dragon_a,
          minmay_the_grid_garden, minmay_the_grid_prize_inner_circle],
          layout_basic, mainiacjoe_overflow_surrounded_room, uniq_maurice
D:8:      layout_rooms, nemelex_xobeh_ov_fountains_minmay
D:9:      layout_roguey, pdpol_wu_jian_five_deadly_venoms,
          grunt_temple_overflow_open
D:10:     layout_basic, general_overflow_altar, tgw_sif,
          nicolae_overflows_in_rows, uniq_nergalle
D:11:     layout_roguey, erik_lair_island, erik_orc_1
D:12:     layout_basic
D:13:     layout_gridville, gauntlet_entry_generic, nicolae_uskayaw_suspiria
D:14:     layout_loops_ring, grunt_vaults_entry_fortified,
          kennysheep_minor_cross, minmay_misc_feat_nine_boxes, uniq_agnes,
          uniq_jorgrun
D:15:     hangedman_depths_entry_try_elsewhere_first, layout_layer_cave,
          uniq_josephine
Lair:1:   layout_regular_city, uniq_maggie
Lair:2:   layout_loops_ring, spider_nest_entry_web_field, grunt_megastairs_3,
          infiniplex_staircase_pool
Lair:3:   layout_long_grid, elwin_shoals_entry_rocks,
          maelrawn_ghost_gauntlet_escape
Lair:4:   layout_gridlike, dpeg_slime_entry_enclosed,
          gammafunk_ghost_wrathful_warriors, special_room
          [special_room_mythical_zoo], serial_bayou_pond_d
Lair:5:   hellmonk_lair_end_abyssal_woods, layout_regular_city,
          hellmonk_ghost_happy_afterlife
Shoals:1: layout_shoals, nicolae_shoals_goliath_grotto
Shoals:2: layout_shoals, nicolae_shoals_spring_well_temple
Shoals:3: layout_shoals
Shoals:4: shoals_end_hangedman, layout_shoals, serial_shops, shop,
          nicolae_shoals_lost_giant_pillars
Spider:1: cheibrodos_spider_deadly_dance, gammafunk_ghost_mausoleum,
          hellmonk_spider_spawner
Spider:2: nicolae_spider_hilbert_zone_7 [nicolae_spider_hilbert_4_sides_1_open,
          nicolae_spider_hilbert_4_sides_1_open,
          nicolae_spider_hilbert_4_sides_1_open,
          nicolae_spider_hilbert_4_sides_1_open,
          nicolae_spider_hilbert_3_sides_1_open,
          nicolae_spider_hilbert_3_sides_1_open,
          nicolae_spider_hilbert_3_sides_1_open,
          nicolae_spider_hilbert_3_sides_1_open,
          nicolae_spider_hilbert_4_sides_1_open,
          nicolae_spider_hilbert_4_sides_1_open,
          nicolae_spider_hilbert_4_sides_1_open,
          nicolae_spider_hilbert_2_sides_1_open,
          nicolae_spider_hilbert_2_sides_1_open,
          nicolae_spider_hilbert_2_sides_1_open,
          nicolae_spider_hilbert_2_sides_1_open,
          nicolae_spider_hilbert_2_sides_1_open,
          nicolae_spider_hilbert_2_sides_1_open], uniq_kirke
Spider:3: layout_spider_delve, uniq_aizul
Spider:4: grunt_spider_rune_parallel
Orc:1:    layout_caves, nicolae_alphabet_shops
Orc:2:    st_orc_congregation, layout_caves, serial_shops,
          nicolae_shop_temple_entry_statues_fountains
Elf:1:    layout_geoelf_grid, portal_desolation_entry_nicolae_nacl,
          portal_ice_cave_entry_ice_statue_one, kennysheep_underground_church,
          uniq_zenata
Elf:2:    nicolae_elf_blades_crystal_corner, layout_loops_cross, special_room
          [special_room_orc], enter_trove_2, guppyfry_elf_lava
Elf:3:    grunt_elf_hall_diamonds, layout_gridlike,
          ploomutoo_gammafunk_ghost_potion_laboratory
Vaults:1: gammafunk_ghost_tricky_traps, vaults_room_grunt_arrival_ludios,
          v_alt_pattern_2, nicolae_vaults_closet_pinwheel_3,
          hangedman_vaults_variations, nicolae_vaults_display_case,
          nicolae_vaults_closet_pinwheel_5, v_misc_14, v_pattern_1,
          vaults_room_hallway, vaults_dpeg_ring, layout_vaults_ring,
          serial_shops, nicolae_shop_pleasant_corner_grove, uniq_asterion
Vaults:2: v_rooms_2, ontoclasm_vaults_eye, nicolae_vaults_murder_corner,
          v_alt_pattern_5, nicolae_vaults_closet_pinwheel_4,
          nicolae_vaults_wine_cellar, vaults_room_pools,
          vaults_dpeg_encased_lava, vaults_room_stairs_pillars,
          layout_vaults_omnigrid, uniq_boris, uniq_norris
Vaults:3: minmay_guarded_unrand_guard_vaults, nicolae_vaults_sightless_eye,
          nicolae_vaults_tangram_1, grunt_vaults_bifocal,
          minmay_crypt_entry_skeletal_spiral, nicolae_vaults_network_quinsquares
          [nicolae_vaults_network_quincunx_subvault,
          nicolae_vaults_network_quincunx_subvault,
          nicolae_vaults_network_quincunx_subvault,
          nicolae_vaults_network_quincunx_subvault],
          nicolae_vaults_angled_halls, nicolae_vaults_trapezoid_1,
          nicolae_vaults_yaktaur_gun_rack, nicolae_vaults_double_plus_1,
          nicolae_vaults_alarming, nicolae_vaults_more_shelving_1,
          layout_vaults_omnicross, uniq_bai_suzhen
Vaults:4: infiniplex_enter_wizlab_spiral, blackcustard_rock_pile,
          nicolae_vaults_big_angled_halls, nicolae_vaults_shelves_hall,
          v_alt_pattern_4, nicolae_vaults_little_squares_2,
          hangedman_vaults_nails, nicolae_vaults_three_branches,
          nicolae_vaults_asterisk, nicolae_vaults_trapezoid_1,
          layout_vaults_chaotic_city
Vaults:5
Depths:1: hangedman_screamer, layout_basic, enter_ziggurat_f,
          grunt_hell_entry_dis_mu, nicolae_elyvilon_peaceful_grove,
          minmay_misc_feat_pillars, nrook_mini_backslash, nzn_life_drinkers
Depths:2: mu_elephants_graveyard, layout_basic, pf_vacation_house_of_asmodeus,
          grunt_pan_entry_spiral, serial_nicolae_subway,
          nicolae_sub_station_stone, nicolae_sub_station_crystal,
          nicolae_sub_station_metal
Depths:3: minmay_glassy_protrusions, layout_cave_pools, abyss_entry,
          minmay_misc_feat_columns, hell_entry, laboratory,
          infiniplex_staircase_hallway_doors, uniq_enchantress
Depths:4: grunt_zot_entry_hairpin, layout_cross, rand_demon_pan_entry_4,
          serial_bayou, serial_bayou_lagoon_b, serial_bayou_pond_d,
          serial_bayou_shore_b, serial_bayou_pond_d, hell_entry,
          gammafunk_ghost_split, minmay_multi_spiral
Zot:1:    layout_gridlike
Zot:2:    layout_gridville, st_stairs_8, lemuel_baited_zot_trap,
          hangedman_zot_decor_slant, uniq_josephina
Zot:3:    layout_cathedral_of_symmetry
Zot:4:    layout_misc_corridors, grunt_megastairs_2
Zot:5:    layout_cellular_growth

Skill      XL: |  1  2  3  4  5  6  7  8  9 10 11 12 13 14 15 16 17 18 19 20 21 22 23 24 25 26 |
---------------+-------------------------------------------------------------------------------+-----
Stealth        | 2 4 6 9 |  9.0
Short Blades   | 4 6 |  6.0
Fighting       | 3 4 5 7 8 9 14 16 17 18 19 20 | 20.0
Shapeshifting  | 1 2 4 6 7 |  7.0
Ranged Weapons | 3 5 8 10 12 14 15 16 17 18 19 20 21 24 27 | 27.0
Dodging        | 6 9 11 14 15 17 20 22 24 25 26 27 | 27.0
Evocations     | 4 7 8 9 12 14 15 18 | 18.0
Translocations | 6 8 |  8.0
Armour         | 4 5 10 | 10.0
Shields        | 6 8 9 |  9.0
Spellcasting   | 6 8 9 12 | 12.9
Hexes          | 7 11 13 15 | 15.0
Air Magic      | 4 5 |  5.0
Alchemy        | 5 |  5.0
Earth Magic    | 4 |  4.7

Action                     |  1- 3 |  4- 6 |  7- 9 | 10-12 | 13-15 | 16-18 | 19-21 | 22-24 | 25-27 || total
---------------------------+-------+-------+-------+-------+-------+-------+-------+-------+-------++-------
  Melee: Short sword       |   145 |    86 |       |       |       |       |       |       |       ||   231
         Unarmed           |       |     6 |       |       |       |       |       |       |       ||     6
   Fire: Orcbow            |       |   101 |   473 |   756 |  1456 |  1246 |       |       |       ||  4032
         Hand cannon       |       |       |       |       |       |   528 |  1490 |  1478 |  1507 ||  5003
  Throw: Boomerang         |     3 |    10 |       |       |       |       |       |       |       ||    13
         Dart              |       |       |       |     7 |       |       |       |       |       ||     7
   Cast: Blink             |       |       |       |       |     1 |    18 |     4 |       |     2 ||    25
         Apportation       |       |       |       |       |       |       |       |     6 |       ||     6
         Silence           |       |       |       |       |       |       |       |       |     1 ||     1
Ability: Begin Untransform |       |       |       |       |       |       |     1 |       |       ||     1
  Evoke: Wand              |       |     1 |     1 |     6 |     6 |    40 |     9 |     4 |    18 ||    85
         Sack of spiders   |       |       |       |       |     1 |     3 |     2 |     1 |     2 ||     9
         Lightning rod     |       |       |       |       |     4 |    16 |     8 |     3 |     8 ||    39
         Phial of floods   |       |       |       |       |     1 |       |     1 |       |       ||     2
         Tin of tremorston |       |       |       |       |       |       |       |     5 |     4 ||     9
    Use: Potion            |       |     2 |     3 |     1 |     3 |     4 |     1 |     4 |    13 ||    31
         Scroll            |       |     1 |     8 |    12 |    11 |    12 |    11 |     8 |    22 ||    85
   Stab: Sleeping          |    11 |     4 |       |       |       |       |       |       |       ||    15
         Confused          |     2 |       |       |       |       |       |       |       |       ||     2
         Invisible         |       |     1 |       |       |       |       |       |       |       ||     1
         Paralysed         |       |     1 |       |       |       |       |       |       |       ||     1
 Armour: Robe              |    29 |    33 |    39 |       |       |       |       |       |       ||   101
         Skin              |       |     7 |       |       |       |       |       |       |       ||     7
         Steam dragon scal |       |       |     9 |    32 |       |       |       |       |       ||    41
         Troll leather arm |       |       |       |    48 |   103 |   233 |   180 |   230 |   284 ||  1078
         Acid dragon scale |       |       |       |       |     4 |       |       |       |       ||     4
  Dodge: Dodged            |    94 |    96 |   149 |   209 |   411 |   868 |  1021 |  1053 |  1397 ||  5298
         Repelled          |       |       |       |       |       |       |    18 |     4 |    13 ||    35
  Block: Other             |       |       |     9 |    33 |     9 |    53 |       |       |       ||   104
         Buckler           |       |       |       |       |       |   208 |   588 |   490 |   438 ||  1724
   Form: Beast             |       |     1 |       |       |     1 |       |       |       |       ||     2
                           |       |       |       |       |     1 |       |       |       |       ||     1

Table legend: (Time is in decaauts)
 A = Elapsed time spent in this place.
 B = Non-inter-level travel time spent in this place.
 C = Inter-level travel time spent in this place.
 D = Time resting spent in this place.
 E = Time spent auto-exploring this place.
 F = Levels seen in this place.
 G = Mean time per level.
                   A        B        C        D        E       F      G
               +--------+--------+--------+--------+--------+-----+--------+
         Total |  44120 |  39837 |   4283 |   6715 |  17577 |  51 |  865.1 |
       Dungeon |  11850 |  10315 |   1535 |   1506 |   5065 |  15 |  790.0 |
          Lair |   4346 |   4009 |    337 |    684 |   2065 |   5 |  869.2 |
        Shoals |   3418 |   3192 |    226 |    571 |   1367 |   4 |  854.5 |
   Spider Nest |   3822 |   3632 |    190 |   1163 |   1144 |   4 |  955.5 |
  Orcish Mines |   1490 |   1048 |    442 |    197 |    430 |   2 |  745.0 |
   Elven Halls |   4261 |   3887 |    374 |   1031 |   1427 |   3 | 1420.3 |
        Vaults |   7312 |   6595 |    717 |    984 |   2994 |   5 | 1462.4 |
        Depths |   4066 |   3693 |    373 |    328 |   1482 |   4 | 1016.5 |
           Zot |   1287 |   1203 |     84 |    155 |    391 |   5 |  257.4 |
         Trove |     64 |     64 |      0 |      0 |     35 |   1 |   64.0 |
         Sewer |    622 |    622 |      0 |     24 |    352 |   1 |  622.0 |
        Wizlab |   1292 |   1292 |      0 |     43 |    743 |   1 | 1292.0 |
      Gauntlet |    286 |    286 |      0 |     24 |     78 |   1 |  286.0 |
               +--------+--------+--------+--------+--------+-----+--------+

Top non-repeatable levels by time:
   Elf:3: 2294 daAuts
Vaults:2: 2146 daAuts
    D:11: 1825 daAuts
Spider:4: 1582 daAuts
Vaults:3: 1463 daAuts
Vaults:4: 1387 daAuts
  Lair:5: 1326 daAuts
Depths:4: 1318 daAuts
Vaults:5: 1315 daAuts
    D:14: 1304 daAuts
  WizLab: 1292 daAuts
   Elf:1: 1192 daAuts
Depths:2: 1153 daAuts
     D:3: 1120 daAuts
   Orc:2: 1089 daAuts

Table legend:
 A = Kills in this place as a percentage of kills in the entire game.
 B = Kills by you in this place as a percentage of kills by you in the entire game.
 C = Kills by friends in this place as a percentage of kills by friends in the entire game.
 D = Other kills in this place as a percentage of other kills in the entire game.
 E = Experience gained in this place as a percentage of experience gained in the entire game.
 F = Experience gained in this place divided by the number of levels of this place that you have seen.
                   A       B       C       D       E      F
               +-------+-------+-------+-------+-------+----------------------
         Total | 100.0 | 100.0 | 100.0 | 100.0 | 100.0 | 24564.6
       Dungeon |  19.3 |  19.6 |  11.4 |  16.7 |   7.1 | 5918.7
          Lair |   8.8 |   9.1 |   4.3 |   0.0 |   5.0 | 12512.6
        Shoals |   6.4 |   6.5 |   1.4 |   8.3 |   6.3 | 19859.0
   Spider Nest |   9.9 |   9.6 |  21.4 |   0.0 |   8.5 | 26702.8
  Orcish Mines |   5.4 |   4.7 |  27.1 |   0.0 |   1.2 | 7591.0
   Elven Halls |  10.7 |  10.6 |  11.4 |  13.9 |  13.0 | 54364.3
        Vaults |  16.9 |  17.1 |  11.4 |  16.7 |  24.3 | 60866.2
        Depths |  14.2 |  14.2 |   8.6 |  30.6 |  22.9 | 71791.2
           Zot |   3.9 |   3.8 |   0.0 |  13.9 |   7.2 | 18084.2
         Sewer |   1.3 |   1.3 |   0.0 |   0.0 |   0.1 | 1094.0
        Wizlab |   3.0 |   3.1 |   0.0 |   0.0 |   4.0 | 50199.0
      Gauntlet |   0.4 |   0.3 |   2.9 |   0.0 |   0.3 | 3717.0
               +-------+-------+-------+-------+-------+----------------------
